Workbook
Name Affiliated_connected_issuer_or_sponsor: #REF!:INDEX(#REF!, COUNTA(#REF!))
Name Affiliated_connected_issuer_or_sponsor2: [1]NameList_New!$AX$2:INDEX([1]NameList_New!$AX:$AX,COUNTA([1]NameList_New!$AX:$AX))
Name Affiliated_connected_issuer_or_sponsor2: [2]NameList_New!#REF!:INDEX([2]NameList_New!$AX:$AX,COUNTA([2]NameList_New!$AX:$AX))
Name Affiliated_connected_issuer_or_sponsor2: [3]NameList_New!$AX$2:INDEX([3]NameList_New!$AX:$AX,COUNTA([3]NameList_New!$AX:$AX))
Name Affiliated_connected_issuer_or_sponsor2: [3]NameList_New!$AX$2:INDEX([3]NameList_New!$AX:$AX,COUNTA([3]NameList_New!$AX:$AX))
Name Affiliated_connected_issuer_or_sponsor2: [4]NameList_New!$AX$2:INDEX([4]NameList_New!$AX:$AX,COUNTA([4]NameList_New!$AX:$AX))
Name Affiliated_connected_issuer_or_sponsor2: NameList_New!$AS$2:INDEX(NameList_New!$AS:$AS,COUNTA(NameList_New!$AS:$AS))
Name Affiliated_Investment: [1]NameList!#REF!
Name Affiliated_Investment: [2]NameList!#REF!
Name Affiliated_Investment: [3]NameList!#REF!
Name Affiliated_Investment: [3]NameList!#REF!
Name Affiliated_Investment: [4]NameList!#REF!
Name Affiliated_Investment: #REF!
Name Amortisation_Frequency: #REF!:INDEX(#REF!,COUNTA(#REF!))
Name Amortisation_Frequency2: [1]NameList_New!$AB$2:INDEX([1]NameList_New!$AB:$AB,COUNTA([1]NameList_New!$AB:$AB))
Name Amortisation_Frequency2: [2]NameList_New!#REF!:INDEX([2]NameList_New!$AB:$AB,COUNTA([2]NameList_New!$AB:$AB))
Name Amortisation_Frequency2: [3]NameList_New!$AB$2:INDEX([3]NameList_New!$AB:$AB,COUNTA([3]NameList_New!$AB:$AB))
Name Amortisation_Frequency2: [3]NameList_New!$AB$2:INDEX([3]NameList_New!$AB:$AB,COUNTA([3]NameList_New!$AB:$AB))
Name Amortisation_Frequency2: [4]NameList_New!$AB$2:INDEX([4]NameList_New!$AB:$AB,COUNTA([4]NameList_New!$AB:$AB))
Name Amortisation_Frequency2: NameList_New!$AC$2:INDEX(NameList_New!$AC:$AC,COUNTA(NameList_New!$AC:$AC))
Name Asset_Type: #REF!:INDEX(#REF!,COUNTA(#REF!))
Name Asset_type2: [1]NameList_New!$G$2:INDEX([1]NameList_New!$G:$G,COUNTA([1]NameList_New!$G:$G))
Name Asset_type2: [2]NameList_New!#REF!:INDEX([2]NameList_New!$G:$G,COUNTA([2]NameList_New!$G:$G))
Name Asset_type2: [3]NameList_New!$G$2:INDEX([3]NameList_New!$G:$G,COUNTA([3]NameList_New!$G:$G))
Name Asset_type2: [3]NameList_New!$G$2:INDEX([3]NameList_New!$G:$G,COUNTA([3]NameList_New!$G:$G))
Name Asset_type2: NameList_New!$H$2:INDEX(NameList_New!$H:$H,COUNTA(NameList_New!$H:$H))
Name AssetType_All: NameList_New!$G$2:$G$107
Name AssetType_Other: NameList_New!$BG$2:INDEX(NameList_New!$BG:$BG,COUNTA(NameList_New!$BG:$BG))
Name AssetType_Structured: [4]NameList_New!$BK$2:INDEX([4]NameList_New!$BK:$BK,COUNTA([4]NameList_New!$BK:$BK))
Name AssetType_Structured: NameList_New!$BF$2:INDEX(NameList_New!$BF:$BF,COUNTA(NameList_New!$BF:$BF))
Name BMA_Asset_Classification2: [1]NameList_New!$B$2:INDEX([1]NameList_New!$B:$B,COUNTA([1]NameList_New!$B:$B))
Name BMA_Asset_Classification2: [2]NameList_New!#REF!:INDEX([2]NameList_New!$B:$B,COUNTA([2]NameList_New!$B:$B))
Name BMA_Asset_Classification2: [3]NameList_New!$B$2:INDEX([3]NameList_New!$B:$B,COUNTA([3]NameList_New!$B:$B))
Name BMA_Asset_Classification2: [3]NameList_New!$B$2:INDEX([3]NameList_New!$B:$B,COUNTA([3]NameList_New!$B:$B))
Name BMA_Asset_Classification2: NameList_New!$B$2:INDEX(NameList_New!$B:$B,COUNTA(NameList_New!$B:$B))
Name BSCR_Rating_Mapping: #REF!:INDEX(#REF!,COUNTA(#REF!))
Name BSCR_Rating_Mapping2: [1]NameList_New!$P$2:INDEX([1]NameList_New!$P:$P,COUNTA([1]NameList_New!$P:$P))
Name BSCR_Rating_Mapping2: [2]NameList_New!#REF!:INDEX([2]NameList_New!$P:$P,COUNTA([2]NameList_New!$P:$P))
Name BSCR_Rating_Mapping2: [3]NameList_New!$P$2:INDEX([3]NameList_New!$P:$P,COUNTA([3]NameList_New!$P:$P))
Name BSCR_Rating_Mapping2: [3]NameList_New!$P$2:INDEX([3]NameList_New!$P:$P,COUNTA([3]NameList_New!$P:$P))
Name BSCR_Rating_Mapping2: NameList_New!$R$2:INDEX(NameList_New!$R:$R,COUNTA(NameList_New!$R:$R))
Name Commercial_Property_Type: #REF!:INDEX(#REF!,COUNTA(#REF!))
Name Commercial_Property_Type2: [1]NameList_New!$AE$2:INDEX([1]NameList_New!$AE:$AE,COUNTA([1]NameList_New!$AE:$AE))
Name Commercial_Property_Type2: [2]NameList_New!#REF!:INDEX([2]NameList_New!$AE:$AE,COUNTA([2]NameList_New!$AE:$AE))
Name Commercial_Property_Type2: [3]NameList_New!$AE$2:INDEX([3]NameList_New!$AE:$AE,COUNTA([3]NameList_New!$AE:$AE))
Name Commercial_Property_Type2: [3]NameList_New!$AE$2:INDEX([3]NameList_New!$AE:$AE,COUNTA([3]NameList_New!$AE:$AE))
Name Commercial_Property_Type2: [4]NameList_New!$AE$2:INDEX([4]NameList_New!$AE:$AE,COUNTA([4]NameList_New!$AE:$AE))
Name Commercial_Property_Type2: NameList_New!$AF$2:INDEX(NameList_New!$AF:$AF,COUNTA(NameList_New!$AF:$AF))
Name Connected_to_other_loans: #REF!:INDEX(#REF!, COUNTA(#REF!))
Name Connected_to_other_loans2: [1]NameList_New!$BF$2:INDEX([1]NameList_New!$BF:$BF,COUNTA([1]NameList_New!$BF:$BF))
Name Connected_to_other_loans2: [2]NameList_New!#REF!:INDEX([2]NameList_New!$BF:$BF,COUNTA([2]NameList_New!$BF:$BF))
Name Connected_to_other_loans2: [3]NameList_New!$BF$2:INDEX([3]NameList_New!$BF:$BF,COUNTA([3]NameList_New!$BF:$BF))
Name Connected_to_other_loans2: [3]NameList_New!$BF$2:INDEX([3]NameList_New!$BF:$BF,COUNTA([3]NameList_New!$BF:$BF))
Name Connected_to_other_loans2: [4]NameList_New!$BF$2:INDEX([4]NameList_New!$BF:$BF,COUNTA([4]NameList_New!$BF:$BF))
Name Connected_to_other_loans2: NameList_New!$BA$2:INDEX(NameList_New!$BA:$BA,COUNTA(NameList_New!$BA:$BA))
Name Construction_loan: #REF!:INDEX(#REF!, COUNTA(#REF!))
Name Construction_loan2: [1]NameList_New!$BD$2:INDEX([1]NameList_New!$BD:$BD,COUNTA([1]NameList_New!$BD:$BD))
Name Construction_loan2: [2]NameList_New!#REF!:INDEX([2]NameList_New!$BD:$BD,COUNTA([2]NameList_New!$BD:$BD))
Name Construction_loan2: [3]NameList_New!$BD$2:INDEX([3]NameList_New!$BD:$BD,COUNTA([3]NameList_New!$BD:$BD))
Name Construction_loan2: [3]NameList_New!$BD$2:INDEX([3]NameList_New!$BD:$BD,COUNTA([3]NameList_New!$BD:$BD))

Sheet GEN_Instructions
B2: General instructions | D2: Abbreviation list
B3: - Please refer to the relevant BMA Rules and Guidance Notes to look up the definitions of terms used in the reporting template. | D3: ABS | E3: Asset Backed Security
D4: ALM | E4: Asset Liability Matching
B5: - The amounts included in the reporting template should be in thousands unless stated otherwise. | D5: AoC | E5: Analysis of Change
B6: - All figures should be denominated in the reporting currency except where indicated in the BMA Rules and Guidance Notes. | D6: BEL | E6: Best Estimate Liability
D7: BSCR | E7: Bermuda Solvency Capital Requirement
B8: - In some cases when data is requested some assumptions are made to facilitate efficient data gathering. These assumptions can be adapted based on the specific asset and liability profile and products of the firm (e.g., for the projection of cashflows a period of 100 years is included but if the firm has products with cashflows that go beyond this maturity, the projection period in the template should be manually adjusted so all cashflows can be included). | D8: CLO | E8: Collateralized Loan Obligation
D9: CMBS | E9: Commercial Mortgage Backed Security
D10: CML | E10: Commercial Mortgage Loan
D11: CRE | E11: Commercial Real Estate
B12: - Firms with no lapse risk do NOT have to complete the Lapse tab | D12: DV01 | E12: Change in the price/value of an asset or liability for a one-basis-point (0.01%) change in its yield or interest rate
B14: - Firms not using the SBA should not complete SBA tabs | D14: EBS | E14: Economic Balance Sheet
B15: - Firms approved for modified filing should reach out to the supervisor before completing the template. | D15: ECR | E15: Enhanced Capital Requirement
B16: - Please see further specific instructions in the different tabs. | D16: ETF | E16: Exchange Traded Fund
D17: FDB | E17: Future Discretionary Benefits
D18: FuM | E18: Funds Under Management
D19: FX | E19: Foreign Exchange
D20: MVA | E20: Market Value Adjustment
D21: P&L | E21: Profit&Loss
D22: RMBS | E22: Residential Mortgage Backed Security
D23: RML | E23: Residential Mortgage Loan
D24: SBA | E24: Scenario Based Approach
D25: TP | E25: Technical Provisions
D26: UFR | E26: Ultimate Forward Rate
D27: DSCR | E27: Debt Service Coverage Ratio
D28: FICO | E28: Fair Isaac Corporation
... D30: CLTV | E30: Combined Loan-to-Value

Sheet GEN_Company
B3: Accounting Basis | C3: GAAP
B5: For the Year Ending | C5: 46022
B7: Company Name
B9: Date Incorporated/Organised | E9: Class of Business
B11: Date Commenced Business | E11: Class of Business
B13: Contact Person Name
B15: Contact Person Number
B17: Contact Person Email
B19: Submission Date
B21: Submission Number
B23: Reporting Currency | C23: Select

Sheet Assets>>
AS4: *
CB6: Pay
AD7: Direct sales | CB7: Receive | CD7: In advance

Sheet AS_Bonds_Loans
A1: Y means mandatory field (Row to be removed in the public version) | B1: Y | C1: Y | D1: Y | E1: Y | F1: Y | G1: Y | H1: Y | I1: Y | J1: Y | K1: Y | M1: Y | N1: Y | O1: Y | P1: Y | AB1: C - to 'Privately Issued Ratings - Worst of All Approved Rating Agencies' | AD1: Y | AG1: Y | AH1: Y | AI1: Y | AK1: Y | AM1: Y | AW1: Y | AY1: Y | BA1: Y | BB1: Y | BC1: C - to 'Optionality (including PIK)' marked Yes | BF1: C - to 'Optionality (including PIK)' marked Yes and any of 'Optionality Type 1, 2 or 3' marked PIK | BG1: Y | BH1: C - to 'Asset is Encumbered' marked Yes
B3: Note: Applies to all companies
B5: SBA Sub-portfolio Number | C5: Asset ID: CUSIP/ISIN/Internal ID | D5: Asset ID in Asset Projections | E5: Asset Name | F5: BMA Asset Classification | G5: Currency | H5: Country of Risk | I5: Issuance Type (Public or Private) | J5: Ownership Vehicle | K5: Asset Type | L5: Industry Group (BICS) | M5: Issuer/Counterparty | N5: Security Delinquency Status | O5: Affiliated, Connected or Related Issuer | P5: Investment expenses, FX Hedging Costs and Other Fees (%) | Q5: Publicly Issued Rating - S&P | R5: Publicly Issued Rating - Moody's | S5: Publicly Issued Rating - Fitch | T5: Publicly Issued Rating - AM Best | U5: Publicly Issued Rating - DBRS | V5: Publicly Issued Rating - KBRA | W5: Publicly Issued Rating - Egan Jones | X5: Publicly Issued Rating - Other Approved Rating Agency [Worst Rating] | Y5: Publicly Issued Rating - Name of the Other Approved Rating Agency | Z5: BMA Approved Internal Rating | AA5: Privately Issued Ratings - Worst of All Approved Rating Agencies | AB5: Privately Issued Rating - Name of the Approved Rating Agency | AC5: NAIC Rating | AD5: BSCR Rating Mapping | AE5: US GAAP/IFRS Valuation Hierarchy Level | AF5: Issue Date | AG5: Total Issue - Nominal Outstanding | AH5: Purchase Date | AI5: Maturity Date | AJ5: First Call Date | AK5: Nominal Amount | AL5: Book Value | AM5: Market Value | AN5: Coupon Type | AO5: Number of Coupon Payments Per Year | AP5: Next Coupon Payment Date | AQ5: Fixed Coupon (%) | AR5: Floating Margin (%) | AS5: Floating Reference Index | AT5: Risk-free Curve Used for Spread Determination | AU5: Effective Duration | AV5: Weighted Average Life | AW5: Gross Market Yield (%) | AX5: Gross Book Spread (%) | AY5: Option Adjusted Gross Market Spread (%) | AZ5: Redemption Type | BA5: Default & Downgrade Table Used | BB5: Optionality (including PIK) | BC5: Optionality Type 1 | BD5: Optionality Type 2 | BE5: Optionality Type 3 | BF5: PIK option exercised | BG5: Asset is Encumbered | BH5: Type of Encumbrance
B6: Select | C6: Text | D6: Text | E6: Text | F6: Select | G6: Select | H6: Select | I6: Select | J6: Select | K6: Select | L6: Select | M6: Text | N6: Select | O6: Select | P6: Number | Q6: Select | R6: Select | S6: Select | T6: Select | U6: Select | V6: Select | W6: Select | X6: Text | Y6: Text | Z6: Text | AA6: Text | AB6: Select | AC6: Text | AD6: Select | AE6: Select | AF6: Date | AG6: Number | AH6: Date | AI6: Date | AJ6: Date | AK6: Number | AL6: Number | AM6: Number | AN6: Select | AO6: Select | AP6: Date | AQ6: Number | AR6: Number | AS6: Select | AT6: Select | AU6: Number | AV6: Number | AW6: Number | AX6: Number | AY6: Number | AZ6: Select | BA6: Text | BB6: Select | BC6: Select | BD6: Select | BE6: Select | BF6: Select | BG6: Select | BH6: Select

Sheet AS_Structured
A1: Y means mandatory field (Row to be removed in the public version) | B1: Y | C1: Y | D1: Y | E1: Y | F1: Y | G1: Y | H1: Y | I1: Y | J1: Y | K1: Y | L1: Y | N1: Y | O1: Y | P1: Y | Q1: Y | AB1: C - to 'Privately Issued Ratings - Worst of All Approved Rating Agencies' | AD1: Y | AG1: Y | AH1: Y | AI1: Y | AK1: Y | AM1: Y | AW1: Y | AY1: Y | BB1: Y | BC1: Y | BD1: C - to 'Optionality (including PIK)' marked Yes | BG1: C - to 'Optionality (including PIK)' marked Yes and any of 'Optionality Type 1, 2 or 3' marked PIK | BH1: Y | BI1: Y | BV1: Y | BW1: C - to 'Asset is Encumbered' marked Yes
B3: Note: Applies to all companies
B5: SBA Sub-portfolio Number | C5: Asset ID: CUSIP/ISIN/Internal ID | D5: Asset ID in Asset Projections | E5: Asset Name | F5: BMA Asset Classification | G5: Currency | H5: Country of Risk | I5: Issuance Type (Public or Private) | J5: Ownership Vehicle | K5: Asset Type | L5: Issuer/Counterparty | M5: Collateral Manager/Sponsor | N5: Security Delinquency Status | O5: Affiliated, Connected or Related Issuer | P5: Internal Securitisatoin | Q5: Investment expenses, FX Hedging Costs and Other Fees (%) | R5: Publicly Issued Rating - S&P | S5: Publicly Issued Rating - Moody's | T5: Publicly Issued Rating - Fitch | U5: Publicly Issued Rating - AM Best | V5: Publicly Issued Rating - DBRS | W5: Publicly Issued Rating - KBRA | X5: Publicly Issued Rating - Other Approved Rating Agency [Worst Rating] | Y5: Publicly Issued Rating - Name of the Other Approved Rating Agency | Z5: BMA Approved Internal Rating | AA5: Privately Issued Ratings - Worst of All Approved Rating Agencies | AB5: Privately Issued Rating - Name of the Approved Rating Agency | AC5: NAIC Rating | AD5: BSCR Rating Mapping | AE5: US GAAP/IFRS Valuation Hierarchy Level | AF5: Issue Date | AG5: Total Issue - Nominal Outstanding | AH5: Purchase Date | AI5: Maturity Date | AJ5: First Call Date | AK5: Nominal Amount | AL5: Book Value | AM5: Market Value | AN5: Coupon Type | AO5: Number of Coupon Payments Per Year | AP5: Next Coupon Payment Date | AQ5: Fixed Coupon (%) | AR5: Floating Margin (%) | AS5: Floating Reference Index | AT5: Risk-free Curve Used for Spread Determination | AU5: Effective Duration | AV5: Weighted Average Life | AW5: Gross Market Yield (%) | AX5: Gross Book Spread (%) | AY5: Option Adjusted Gross Market Spread (%) | AZ5: Redemption Type | BA5: Prepayment Assumption (%) | BB5: Default & Downgrade Table Used | BC5: Optionality (including PIK) | BD5: Optionality Type 1 | BE5: Optionality Type 2 | BF5: Optionality Type 3 | BG5: PIK option exercised | BH5: More than one tranche of the same issue held | BI5: Vertical slice retention | BJ5: Interest Coverage Ratio (%) | BK5: Cashflow Diversion Threshold (%) | BL5: Overcollateralisation (%) | BM5: Tranche Thickness (%) | BN5: Annual Constant Default Rate (CDR) Threshold (%) | BO5: Stage | BP5: Discount Margin (%) | BQ5: Subordination (%) | BR5: Start of Reinvestment Period | BS5: End of Reinvestment Period | BT5: Modelled Collateral 12-Month Recovery Assumption (%) | BU5: Modelled Collateral Default Assumption (%) | BV5: Asset is Encumbered | BW5: Type of Encumbrance
B6: Select | C6: Text | D6: Text | E6: Text | F6: Select | G6: Select | H6: Select | I6: Select | J6: Select | K6: Select | L6: Text | M6: Text | N6: Select | O6: Select | P6: Select | Q6: Number | R6: Select | S6: Select | T6: Select | U6: Select | V6: Select | W6: Select | X6: Text | Y6: Text | Z6: Text | AA6: Text | AB6: Select | AC6: Text | AD6: Select | AE6: Select | AF6: Date | AG6: Number | AH6: Date | AI6: Date | AJ6: Date | AK6: Number | AL6: Number | AM6: Number | AN6: Select | AO6: Select | AP6: Date | AQ6: Number | AR6: Number | AS6: Select | AT6: Select | AU6: Number | AV6: Number | AW6: Number | AX6: Number | AY6: Number | AZ6: Select | BA6: Number | BB6: Text | BC6: Select | BD6: Select | BE6: Select | BF6: Select | BG6: Select | BH6: Select | BI6: Select | BJ6: Number | BK6: Number | BL6: Number | BM6: Number | BN6: Number | BO6: Select | BP6: Number | BQ6: Number | BR6: Date | BS6: Date | BT6: Number | BU6: Number | BV6: Select | BW6: Select

Sheet AS_CML
A1: Y means mandatory field (Row to be removed in the public version) | B1: Y | C1: Y | D1: Y | E1: Y | F1: Y | G1: Y | H1: Y | I1: Y | J1: Y | K1: Y | L1: Y | M1: Y | P1: Y | R1: Y | S1: Y | T1: Y | Z1: Y | AC1: Y | AD1: C - to 'Optionality (including PIK)' marked Yes | AG1: C - to 'Optionality (including PIK)' marked Yes and any of 'Optionality Type 1, 2 or 3' marked PIK | AH1: Y | AI1: Y | AM1: Y | AP1: Y | AQ1: Y | AR1: Y | AT1: Y | AV1: Y | AX1: Y | AY1: Y | BF1: Y | BG1: Y | BH1: Y | BI1: C - to 'Asset is Encumbered' marked Yes
B3: Note: Applies to all companies
B5: SBA Sub-portfolio Number | C5: Asset ID: CUSIP/ISIN/Internal ID | D5: Asset ID in Asset Projections | E5: Asset Name | F5: BMA Asset Classification | G5: Currency | H5: Country of Risk | I5: Ownership Vehicle | J5: Asset Type | K5: Issuer/Counterparty | L5: Affiliated, Connected or Related Issuer | M5: Investment expenses, FX Hedging Costs and Other Fees (%) | N5: NAIC Rating | O5: External Rating Agency, if applicable | P5: BSCR Rating Mapping | Q5: Issue Date | R5: Purchase Date | S5: Maturity Date | T5: Market Value | U5: Coupon Type | V5: Floating Margin (%) | W5: Floating Reference Index | X5: Risk-free Curve Used for Spread Determination | Y5: Effective Duration | Z5: Option Adjusted Gross Market Spread (%) | AA5: Redemption Type | AB5: Prepayment Assumption (%) | AC5: Optionality (including PIK) | AD5: Optionality Type 1 | AE5: Optionality Type 2 | AF5: Optionality Type 3 | AG5: PIK option exercised | AH5: Option to capitalise or defer interest | AI5: Construction loan | AJ5: Next Amortisation Date | AK5: Amortisation Frequency (payments per annum) | AL5: Balloon Payment at Maturity | AM5: State, if Country is USA | AN5: Last Valuation Date for the Property | AO5: Is Valuer Internal/Affiliated or Third-Party? | AP5: Commercial Property Type | AQ5: Lien - First or Second | AR5: Type of Borrowing | AS5: Prepayment Option | AT5: Delinquency Status | AU5: Original Loan Balance | AV5: Current Loan Balance | AW5: Original Loan to Value (CLTV) | AX5: Current CLTV | AY5: Modified DSCR ratio with 25 year amortization schedule | AZ5: Debt Service Coverage Ratio = net operating income (NOI) / total debt service | BA5: Interest Due and Unpaid | BB5: Capitalised Deferred interest / Payment in Kind (cumulative) | BC5: Number of Coupons Per Year | BD5: Next Interest Payment Date | BE5: Fixed Coupon (%) | BF5: Default & Downgrade Table Used | BG5: Connected to other loans | BH5: Asset is Encumbered | BI5: Type of Encumbrance
B6: Select | C6: Text | D6: Text | E6: Text | F6: Select | G6: Select | H6: Select | I6: Select | J6: Select | K6: Text | L6: Select | M6: Number | N6: Select | O6: Text | P6: Select | Q6: Date | R6: Date | S6: Date | T6: Number | U6: Select | V6: Number | W6: Select | X6: Select | Y6: Number | Z6: Number | AA6: Select | AB6: Number | AC6: Select | AD6: Select | AE6: Select | AF6: Select | AG6: Select | AH6: Select | AI6: Select | AJ6: Date | AK6: Select | AL6: Number | AM6: Select | AN6: Date | AO6: Select | AP6: Select | AQ6: Select | AR6: Select | AS6: Select | AT6: Select | AU6: Number | AV6: Number | AW6: Number | AX6: Number | AY6: Number | AZ6: Number | BA6: Number | BB6: Number | BC6: Select | BD6: Date | BE6: Number | BF6: Text | BG6: Select | BH6: Select | BI6: Select

Sheet AS_RML
A1: Y means mandatory field (Row to be removed in the public version) | B1: Y | C1: Y | D1: Y | E1: Y | F1: Y | G1: Y | H1: Y | I1: Y | J1: Y | K1: Y | L1: Y | M1: Y | O1: Y | Q1: Y | R1: Y | S1: Y | Y1: Y | AB1: Y | AC1: C - to 'Optionality (including PIK)' marked Yes | AF1: C - to 'Optionality (including PIK)' marked Yes and any of 'Optionality Type 1, 2 or 3' marked PIK | AG1: Y | AH1: Y | AL1: Y | AO1: Y | AP1: Y | AQ1: Y | AS1: Y | AU1: Y | AW1: Y | AY1: Y | AZ1: Y | BF1: Y | BG1: Y | BH1: Y | BI1: Y | BJ1: C - to 'Asset is Encumbered' marked Yes
B3: Note: Applies to all companies
B5: SBA Sub-portfolio Number | C5: Asset ID: CUSIP/ISIN/Internal ID | D5: Asset ID in Asset Projections | E5: Asset Name | F5: BMA Asset Classification | G5: Currency | H5: Country of Risk | I5: Ownership Vehicle | J5: Asset Type | K5: Issuer/Counterparty | L5: Affiliated, Connected or Related Issuer | M5: Investment expenses, FX Hedging Costs and Other Fees (%) | N5: External Rating Agency, if applicable | O5: BSCR Rating Mapping | P5: Issue Date | Q5: Purchase Date | R5: Maturity Date | S5: Market Value | T5: Coupon Type | U5: Floating Margin (%) | V5: Floating Reference Index | W5: Risk-free Curve Used for Spread Determination | X5: Effective Duration | Y5: Option Adjusted Gross Market Spread (%) | Z5: Redemption Type | AA5: Prepayment Assumption (%) | AB5: Optionality (including PIK) | AC5: Optionality Type 1 | AD5: Optionality Type 2 | AE5: Optionality Type 3 | AF5: PIK option exercised | AG5: Option to capitalise or defer interest | AH5: Construction loan | AI5: Next Amortisation Date | AJ5: Amortisation Frequency (payments per annum) | AK5: Balloon Payment at Maturity | AL5: State, if Country is USA | AM5: Last Valuation Date for the Property | AN5: Is Valuer Internal/Affiliated or Third-Party? | AO5: Residential Property Type | AP5: Lien - First or Second | AQ5: Type of Borrowing | AR5: Prepayment Option | AS5: Delinquency Status | AT5: Original Loan Balance | AU5: Current Loan Balance | AV5: Original Loan to Value (CLTV) | AW5: Current CLTV | AX5: Debt Service Coverage Ratio = net operating income (NOI) / total debt service | AY5: Debt-to-Income | AZ5: FICO Score | BA5: Interest Due and Unpaid | BB5: Capitalised Deferred interest / Payment in Kind (cumulative) | BC5: Number of Coupons Per Year | BD5: Next Interest Payment Date | BE5: Fixed Coupon (%) | BF5: Default & Downgrade Table Used | BG5: Connected to other loans | BH5: Documentation | BI5: Asset is Encumbered | BJ5: Type of Encumbrance
B6: Select | C6: Text | D6: Text | E6: Text | F6: Select | G6: Select | H6: Select | I6: Select | J6: Select | K6: Text | L6: Select | M6: Number | N6: Text | O6: Select | P6: Date | Q6: Date | R6: Date | S6: Number | T6: Select | U6: Number | V6: Select | W6: Select | X6: Number | Y6: Number | Z6: Select | AA6: Number | AB6: Select | AC6: Select | AD6: Select | AE6: Select | AF6: Select | AG6: Select | AH6: Select | AI6: Date | AJ6: Select | AK6: Number | AL6: Select | AM6: Date | AN6: Select | AO6: Select | AP6: Select | AQ6: Select | AR6: Select | AS6: Select | AT6: Number | AU6: Number | AV6: Number | AW6: Number | AX6: Number | AY6: Number | AZ6: Number | BA6: Number | BB6: Number | BC6: Select | BD6: Date | BE6: Number | BF6: Text | BG6: Select | BH6: Select | BI6: Select | BJ6: Select

Sheet AS_Other
A1: Y means mandatory field (Row to be removed in the public version) | B1: Y | C1: Y | D1: Y | E1: Y | F1: Y | G1: Y | H1: Y | I1: Y | J1: Y | K1: Y | L1: Y | M1: Y | N1: Y | O1: Y | AA1: C - to 'Privately Issued Ratings - Worst of All Approved Rating Agencies' | AC1: Y | AF1: Y | AG1: Y | AH1: Y | AL1: Y | AR1: Y | AT1: Y | AW1: Y | AX1: Y | AY1: C - to 'Optionality (including PIK)' marked Yes | BB1: C - to 'Optionality (including PIK)' marked Yes and any of 'Optionality Type 1, 2 or 3' marked PIK | BC1: Y | BH1: C - to 'Real Assets - Debt associated with the asset' marked Yes | BJ1: C - to 'Real Assets - Generates Contractual Income' marked Yes | BV1: Y | BW1: C - to 'Asset is Encumbered' marked Yes
B3: Note: Applies to all companies
B5: SBA Sub-portfolio Number | C5: Asset ID: CUSIP/ISIN/Internal ID | D5: Asset ID in Asset Projections | E5: Asset Name | F5: BMA Asset Classification | G5: Currency | H5: Country of Risk | I5: Issuance Type (Public or Private) | J5: Ownership Vehicle | K5: Asset Type | L5: Issuer/Counterparty | M5: Security Delinquency Status | N5: Affiliated, Connected or Related Issuer | O5: Investment expenses, FX Hedging Costs and Other Fees (%) | P5: Publicly Issued Rating - S&P | Q5: Publicly Issued Rating - Moody's | R5: Publicly Issued Rating - Fitch | S5: Publicly Issued Rating - AM Best | T5: Publicly Issued Rating - DBRS | U5: Publicly Issued Rating - KBRA | V5: Publicly Issued Rating - Egan Jones | W5: Publicly Issued Rating - Other Approved Rating Agency [Worst Rating] | X5: Publicly Issued Rating - Name of the Other Approved Rating Agency | Y5: BMA Approved Internal Rating | Z5: Privately Issued Ratings - Worst of All Approved Rating Agencies | AA5: Privately Issued Rating - Name of the Approved Rating Agency | AB5: NAIC Rating | AC5: BSCR Rating Mapping | AD5: US GAAP/IFRS Valuation Hierarchy Level | AE5: Issue Date | AF5: Total Issue - Nominal Outstanding | AG5: Purchase Date | AH5: Maturity Date | AI5: First Call Date | AJ5: Nominal Amount | AK5: Book Value | AL5: Market Value | AM5: Fixed Coupon (%) | AN5: Floating Margin (%) | AO5: Floating Reference Index | AP5: Risk-free Curve Used for Spread Determination | AQ5: Weighted Average Life | AR5: Gross Market Yield (%) | AS5: Gross Book Spread (%) | AT5: Option Adjusted Gross Market Spread (%) | AU5: Redemption Type | AV5: Prepayment Assumption (%) | AW5: Default & Downgrade Table Used | AX5: Optionality (including PIK) | AY5: Optionality Type 1 | AZ5: Optionality Type 2 | BA5: Optionality Type 3 | BB5: PIK option exercised | BC5: State, if Country is USA | BD5: Last Valuation / Appraisal Date | BE5: Is Valuer Internal/Affiliated or Third-Party? | BF5: Real Assets - Sector | BG5: Real Assets - Debt associated with the asset | BH5: Real Assets - Amount of Debt Outstanding Associated with the Asset | BI5: Real Assets - Generates Contractual income | BJ5: Real Assets - Gross Annual Income Generated by the Asset | BK5: Real Assets - Expected Gross Annual Income Assuming Full Utilisation | BL5: Real Assets - Current Year's Depreciation | BM5: Real Assets - Taxes, Maintenance, Borrowing and Other Property Expenses | BN5: Real Assets - Amount of Income Over 30 Days Due | BO5: Real Assets - Income Frequency Per Year | BP5: Real Assets - Outstanding Lease Term in Months | BQ5: Funds and other assets - Number of Income Payments Per Year | BR5: Funds and other assets - Income Type | BS5: Funds and other assets - Amount of Contributions Outstanding | BT5: Funds and other assets - Next Income Payment Date | BU5: Funds and other assets - Effective Duration | BV5: Asset is Encumbered | BW5: Type of Encumbrance
B6: Select | C6: Text | D6: Text | E6: Text | F6: Select | G6: Select | H6: Select | I6: Select | J6: Select | K6: Select | L6: Text | M6: Select | N6: Select | O6: Number | P6: Select | Q6: Select | R6: Select | S6: Select | T6: Select | U6: Select | V6: Select | W6: Text | X6: Text | Y6: Text | Z6: Text | AA6: Select | AB6: Text | AC6: Select | AD6: Select | AE6: Date | AF6: Number | AG6: Date | AH6: Date | AI6: Date | AJ6: Number | AK6: Number | AL6: Number | AM6: Number | AN6: Number | AO6: Select | AP6: Select | AQ6: Number | AR6: Number | AS6: Number | AT6: Number | AU6: Select | AV6: Number | AW6: Text | AX6: Select | AY6: Select | AZ6: Select | BA6: Select | BB6: Select | BC6: Select | BD6: Date | BE6: Select | BF6: Select | BG6: Select | BH6: Number | BI6: Select | BJ6: Number | BK6: Number | BL6: Number | BM6: Number | BN6: Number | BO6: Select | BP6: Number | BQ6: Select | BR6: Text | BS6: Number | BT6: Date | BU6: Number | BV6: Select | BW6: Select

Sheet AS_Deriv_Agg
E1: X
E2: X
B3: All | E3: X
A4: Derivatives: Gross Notional Amounts (GNA), in mil. | B4: 2023 | C4: 2024 | D4: 2025 | E4: X
A5: Interest rate risk related derivatives | E5: X
A6: Currency risk related derivatives | E6: X
A7: Equity risk related derivatives | E7: X
A8: Credit risk related derivatives | E8: X
A9: Longevity risk related derivatives (e.g., total liabilities hedged) | E9: X
A10: Mortality risk related derivatives (e.g., total liabilities hedged) | E10: X
A11: Other types of derivatives | E11: X
A12: Derivatives: Market/fair value (MV/FV), in mil. | E12: X
A13: Interest rate risk related derivatives | E13: X
A14: Currency risk related derivatives | E14: X
A15: Equity risk related derivatives | E15: X
A16: Credit risk related derivatives | E16: X
... A19: Other types of derivatives | E19: X
E20: X
A21: Monthly values in mil. | B21: GNA values in thousands. | E21: X | F21: MV/FV values in thousands. | I21: X
A22: Values at the end of each period (e.g. January-end) | B22: GNA: All | C22: GNA: Derivatives with positive fair/market values | D22: GNA: Derivatives with negative fair/market values | E22: X | F22: MV/FV: All | G22: MV/FV: Derivatives with positive fair/market values | H22: MV/FV: Derivatives with negative fair/market values | I22: X
A23: 45292 | E23: X | I23: X
A24: 45323 | E24: X | I24: X
A25: 45352 | E25: X | I25: X
A26: 45383 | E26: X | I26: X
A27: 45413 | E27: X | I27: X
A28: 45444 | E28: X | I28: X
A29: 45474 | E29: X | I29: X
A30: 45505 | E30: X | I30: X
A31: 45536 | E31: X | I31: X
A32: 45566 | E32: X | I32: X
A33: 45597 | E33: X | I33: X
A34: 45627 | E34: X | I34: X
... A46: 45992 | E46: X | I46: X
E47: X
A48: Daily values in mil. | B48: =IFERROR(AVERAGE(B50:B53), "") | C48: Quarterly values in thousands. | D48: =IFERROR(AVERAGE(D50:D53), "") | E48: X
A49: Derivatives: Margin or collateral calls | B49: 2024 | C49: Margin or collateral calls | D49: 2025 | E49: X
A50: Q1 | C50: Q1 | E50: X
A51: Q2 | C51: Q2 | E51: X
A52: Q3 | C52: Q3 | E52: X
A53: Q4 | C53: Q4 | E53: X

Sheet AS_Deriv_Open
B2: Note: Applies to all companies with derivative exposure unless modified by the Authority
B4: General | X4: Market Deltas
B5: Sub-portfolio Number | C5: CUSIP/ISIN | D5: Asset ID in Asset Projections | E5: Derivative Type | F5: Derivative Asset Class | G5: Option / Swap Pay Receive | H5: Underlying to Pay (fixed or underlying) | I5: Underlying to Receive (fixed or underlying) | J5: Purpose of Derivative | K5: If Derivative Used for Hedging, Description of Item Being Hedged | L5: Exchange, Counterparty or Central Clearinghouse | M5: Name of CCP / Counterparty / Exchange | N5: ISDAs in Place? | O5: CSA Type | P5: Trade Date | Q5: Valuation Date | R5: Date of Maturity or Expiration | S5: Number of Contracts | T5: (Base) Currency | U5: Notional Amount | V5: EBS Fair Value on Insurer's Balance Sheet | W5: Premium Paid or Received at Inception | X5: Effective Duration | Y5: Credit Spread Duration | Z5: Derivative Sensitivity to 1% Change in Underlying | AA5: Derivative Sensitivity to 1Bps Change in Underlying
E6: Select | F6: Select | G6: Select | J6: Select | L6: Select | N6: Select | O6: Select | T6: Select | AB6: *
E7: Select | F7: Select | G7: Select | J7: Select | L7: Select | N7: Select | O7: Select | T7: Select | AB7: *
E8: Select | F8: Select | G8: Select | J8: Select | L8: Select | N8: Select | O8: Select | T8: Select | AB8: *
E9: Select | F9: Select | G9: Select | J9: Select | L9: Select | N9: Select | O9: Select | T9: Select | AB9: *
E10: Select | F10: Select | G10: Select | J10: Select | L10: Select | N10: Select | O10: Select | T10: Select | AB10: *
E11: Select | F11: Select | G11: Select | J11: Select | L11: Select | N11: Select | O11: Select | T11: Select | AB11: *
E12: Select | F12: Select | G12: Select | J12: Select | L12: Select | N12: Select | O12: Select | T12: Select | AB12: *
E13: Select | F13: Select | G13: Select | J13: Select | L13: Select | N13: Select | O13: Select | T13: Select | AB13: *
E14: Select | F14: Select | G14: Select | J14: Select | L14: Select | N14: Select | O14: Select | T14: Select | AB14: *
E15: Select | F15: Select | G15: Select | J15: Select | L15: Select | N15: Select | O15: Select | T15: Select | AB15: *
E16: Select | F16: Select | G16: Select | J16: Select | L16: Select | N16: Select | O16: Select | T16: Select | AB16: *
E17: Select | F17: Select | G17: Select | J17: Select | L17: Select | N17: Select | O17: Select | T17: Select | AB17: *
... E2000: Select | F2000: Select | G2000: Select | J2000: Select | L2000: Select | N2000: Select | O2000: Select | T2000: Select | AB2000: *
AB2001: *
AB2002: *

Sheet AS_Costs
B2: Note: Applies to all companies
B3: Provide the aggregate investment management expenses and hedging costs
B5: Asset | C5: Investment and Hedging Costs (%)
B6: Cash
B7: Short-Term Treasury Bills
B8: Certificates of Deposit
B9: Short-Term Commercial Paper
B10: Money Market Funds
B11: Other Cash Equivalents
B12: Sovereign Bonds
B13: Federal / Central Government Agencies
B14: Local Governments and Regional Authorities
B15: Supranationals
B16: Corporate Bonds - Non Financial
B17: Corporate Bonds - Financial
... B109: Other Residential Loans

Sheet AS_Disposed
B2: Note: Applies to all companies (Include also closed derivatives during the year)
B4: Asset ID: CUSIP/ISIN/Internal ID | C4: Asset name | D4: Asset Type | E4: Purchase Date | F4: Disposal Date | G4: Book Value at Disposal | H4: Expected Disposal Value | I4: Actual Disposal Value | J4: *
J5: *
J6: *
J7: *
J8: *
J9: *
J10: *
J11: *
J12: *
J13: *
J14: *
J15: *
J16: *
... J2002: *

Sheet AS_Mgmt
B2: Note: Applies to all companies. Record all investment-related cashflows at the type of service offered aggregate level.
B4: Service Provider | C4: Recipient of Service | D4: Relationship | E4: Type of Service Offered | F4: Total Amount Paid Current Year | G4: Total Amount Paid Prior Year
H5: *
H6: *
H7: *
H8: *
H9: *
H10: *
H11: *
H12: *
H13: *
H14: *
H15: *
H16: *
... H4998: *

Sheet ALM>>
AS4: *
CB6: Pay
AD7: Direct sales | CB7: Receive

Sheet ALM_KRD
B3: SBA or SA Sub-portfolio Number | C3: Tenor | D3: Assets KRD (In Years) - including derivatives | E3: Assets KRD (In Years) - excluding derivatives | F3: Liability KRD (In Years)
B4: 1 | C4: 2
C5: 5
C6: 10
C7: 20
C8: 30
B9: 2 | C9: 2
C10: 5
C11: 10
C12: 20
C13: 30
B14: 3 | C14: 2
C15: 5
C16: 10
C17: 20
C18: 30

Sheet SBA>>
AS4: *
CB6: Pay
AD7: Direct sales | CB7: Receive

Sheet SBA_S&R
B2: Include a summary of assumed strategic asset allocation/mix of assets and reinvestment assumptions for all asset types that are used in the SBA, including any minimum cash balances maintained
B3: Reinvestment split should sum to 100% for each SBA subportfolio
B4: Enter the short term spread assumption, long term spread assumption and the transition period between them as used in your SBA model
B5: Enter the time in months for the transition between the Current Asset Allocation and the Ultimate Asset Allocation. If the Current Allocation is the same as Ultimate, please enter Zero (0) for the Transition Period
B6: Please include the spread assumptions for all asset buckets currently held even if there is no intention to reinvest into them
B8: Reinvestment portfolio
B10: SBA Sub-portfolio Number | C10: BMA Asset Classification | D10: Asset Type | E10: Sellable or Unsellable | F10: Currency | G10: Redemption Type | H10: Coupon Type | I10: Number of Coupon Payments Per Year | J10: Floating Margin (in %) | K10: Floating Reference Index | L10: Risk-free Curve Used for Spread Determination | M10: Assumed Ultimate/ Strategic Allocation (SAA) (% of SBA Portfolio) | N10: Assumed Transition Period From CAA to SAA in Months | O10: Reinvestment Split % Assumption (If reinvesting into the asset) (This should sum to 100% per SBA portfolio/ block of business) | P10: BSCR Rating | Q10: Asset Duration (in Years) | R10: Short Term Gross Spread (%) | S10: Long Term Gross Spread (%) | T10: Short term spread to long term spread transition period (In months) | U10: Investment Management Fees (%) | V10: Disinvestment rule | W10: Applied Haircuts (%) | X10: Transaction costs (%) | Y10: Default & Downgrade Table Applicable for the Asset
B11: Select | C11: Select | D11: Select | E11: Select | F11: Select | G11: Select | H11: Select | I11: Select | K11: Select | L11: Select | P11: Select | V11: Select
B12: Select | C12: Select | D12: Select | E12: Select | F12: Select | G12: Select | H12: Select | I12: Select | K12: Select | L12: Select | P12: Select | V12: Select
B13: Select | C13: Select | D13: Select | E13: Select | F13: Select | G13: Select | H13: Select | I13: Select | K13: Select | L13: Select | P13: Select | V13: Select
B14: Select | C14: Select | D14: Select | E14: Select | F14: Select | G14: Select | H14: Select | I14: Select | K14: Select | L14: Select | P14: Select | V14: Select
B15: Select | C15: Select | D15: Select | E15: Select | F15: Select | G15: Select | H15: Select | I15: Select | K15: Select | L15: Select | P15: Select | V15: Select
B16: Select | C16: Select | D16: Select | E16: Select | F16: Select | G16: Select | H16: Select | I16: Select | K16: Select | L16: Select | P16: Select | V16: Select
B17: Select | C17: Select | D17: Select | E17: Select | F17: Select | G17: Select | H17: Select | I17: Select | K17: Select | L17: Select | P17: Select | V17: Select
B18: Select | C18: Select | D18: Select | E18: Select | F18: Select | G18: Select | H18: Select | I18: Select | K18: Select | L18: Select | P18: Select | V18: Select
B19: Select | C19: Select | D19: Select | E19: Select | F19: Select | G19: Select | H19: Select | I19: Select | K19: Select | L19: Select | P19: Select | V19: Select
B20: Select | C20: Select | D20: Select | E20: Select | F20: Select | G20: Select | H20: Select | I20: Select | K20: Select | L20: Select | P20: Select | V20: Select
B21: Select | C21: Select | D21: Select | E21: Select | F21: Select | G21: Select | H21: Select | I21: Select | K21: Select | L21: Select | P21: Select | V21: Select
B22: Select | C22: Select | D22: Select | E22: Select | F22: Select | G22: Select | H22: Select | I22: Select | K22: Select | L22: Select | P22: Select | V22: Select
... B304: Select | C304: Select | D304: Select | E304: Select | F304: Select | G304: Select | H304: Select | I304: Select | K304: Select | L304: Select | P304: Select | V304: Select

Sheet SBA_Curves
B2: Please enter the time 0 (t0) discount factors implied by the risk free rate, the UFR (Ultimate forward rate) for extending the discounting curve and the max number of years that the curve will be extended to cover for assets in perpetuity
B3: Please enter the discount factors implied by all the other reference curves that will be used for the valuation of assets with floating margins. So, if two floating curves are used then only two reference rate columns need to be entered
B5: Interest Curves
B7: Discounting Curve Forward Realization
B8: UFR
B11: Year | C11: Discount Factors Implied by Risk Free Rate | D11: Reference Curves (Update these names to those used by the insurer/group)
D12: Discount Factors Implied by Reference Rate Curves for Other Instruments 1 | E12: Discount Factors Implied by Reference Rate Curves for Other Instruments 2 | F12: Discount Factors Implied by Reference Rate Curves for Other Instruments 3 | G12: Discount Factors Implied by Reference Rate Curves for Other Instruments 4 | H12: Discount Factors Implied by Reference Rate Curves for Other Instruments 5 | I12: Discount Factors Implied by Reference Rate Curves for Other Instruments 6 | J12: Discount Factors Implied by Reference Rate Curves for Other Instruments 7 | K12: Discount Factors Implied by Reference Rate Curves for Other Instruments 8 | L12: Discount Factors Implied by Reference Rate Curves for Other Instruments 9 | M12: Discount Factors Implied by Reference Rate Curves for Other Instruments 10
B13: 1
B14: 2
B15: 3
B16: 4
B17: 5
B18: 6
B19: 7
B20: 8
B21: 9
B22: 10
B23: 11
B24: 12
... B212: 200

Sheet SBA_Liab_CF
B2: Input the liability inflows (e.g. premiums) and outflows (e.g. claims)
B3: SBA subportfolios (blocks of business) should be provided vertically - see cells A13 and A867 for an example. Fungible blocks can be provided as one subportfolio.
B4: All monetary values in thousands | AS4: *
B5: Liability Cashflows
B7: Cashflow | C7: Descriptions
B8: Cashflow Inflow | C8: premiums (first year & renewal)
B9: Cashflow Outflow | C9: Expenses (first year, renewal, chargeback, and overhead exp), benefits (partial withdrawal, annuitization, death, maturity, surrender, annuity payout, others), commissions (first year and renewal), premium tax
B11: Scenario: | C11: Base | G11: Scenario: | H11: Scenario 1 | L11: Scenario: | M11: Scenario 2 | Q11: Scenario: | R11: Scenario 3 | V11: Scenario: | W11: Scenario 4 | AA11: Scenario: | AB11: Scenario 5 | AF11: Scenario: | AG11: Scenario 6 | AK11: Scenario: | AL11: Scenario 7 | AP11: Scenario: | AQ11: Scenario 8
A12: Subportfolio 1 | B12: Monthly | C12: Cashflow Inflow Amount | D12: Cashflow Outflow Amount | E12: Base | G12: Monthly | H12: Cashflow Inflow Amount | I12: Cashflow Outflow Amount | J12: Scenario 1 | L12: Monthly | M12: Cashflow Inflow Amount | N12: Cashflow Outflow Amount | O12: Scenario 2 | Q12: Monthly | R12: Cashflow Inflow Amount | S12: Cashflow Outflow Amount | T12: Scenario 3 | V12: Monthly | W12: Cashflow Inflow Amount | X12: Cashflow Outflow Amount | Y12: Scenario 4 | AA12: Monthly | AB12: Cashflow Inflow Amount | AC12: Cashflow Outflow Amount | AD12: Scenario 5 | AF12: Monthly | AG12: Cashflow Inflow Amount | AH12: Cashflow Outflow Amount | AI12: Scenario 6 | AK12: Monthly | AL12: Cashflow Inflow Amount | AM12: Cashflow Outflow Amount | AN12: Scenario 7 | AP12: Monthly | AQ12: Cashflow Inflow Amount | AR12: Cashflow Outflow Amount | AS12: Scenario 8
B13: 1 | G13: 1 | L13: 1 | Q13: 1 | V13: 1 | AA13: 1 | AF13: 1 | AK13: 1 | AP13: 1
B14: 2 | G14: 2 | L14: 2 | Q14: 2 | V14: 2 | AA14: 2 | AF14: 2 | AK14: 2 | AP14: 2
B15: 3 | G15: 3 | L15: 3 | Q15: 3 | V15: 3 | AA15: 3 | AF15: 3 | AK15: 3 | AP15: 3
B16: 4 | G16: 4 | L16: 4 | Q16: 4 | V16: 4 | AA16: 4 | AF16: 4 | AK16: 4 | AP16: 4
B17: 5 | G17: 5 | L17: 5 | Q17: 5 | V17: 5 | AA17: 5 | AF17: 5 | AK17: 5 | AP17: 5
B18: 6 | G18: 6 | L18: 6 | Q18: 6 | V18: 6 | AA18: 6 | AF18: 6 | AK18: 6 | AP18: 6
B19: 7 | G19: 7 | L19: 7 | Q19: 7 | V19: 7 | AA19: 7 | AF19: 7 | AK19: 7 | AP19: 7
B20: 8 | G20: 8 | L20: 8 | Q20: 8 | V20: 8 | AA20: 8 | AF20: 8 | AK20: 8 | AP20: 8
B21: 9 | G21: 9 | L21: 9 | Q21: 9 | V21: 9 | AA21: 9 | AF21: 9 | AK21: 9 | AP21: 9
B22: 10 | G22: 10 | L22: 10 | Q22: 10 | V22: 10 | AA22: 10 | AF22: 10 | AK22: 10 | AP22: 10
B23: 11 | G23: 11 | L23: 11 | Q23: 11 | V23: 11 | AA23: 11 | AF23: 11 | AK23: 11 | AP23: 11
B24: 12 | G24: 12 | L24: 12 | Q24: 12 | V24: 12 | AA24: 12 | AF24: 12 | AK24: 12 | AP24: 12
... B864: 852 | G864: 852 | L864: 852 | Q864: 852 | V864: 852 | AA864: 852 | AF864: 852 | AK864: 852 | AP864: 852
B865: … | G865: … | L865: … | Q865: … | V865: … | AA865: … | AF865: … | AK865: … | AP865: …
A867: Subportfolio 2
B868: 1 | G868: 1 | L868: 1 | Q868: 1 | V868: 1 | AA868: 1 | AF868: 1 | AK868: 1 | AP868: 1
B869: 2 | G869: 2 | L869: 2 | Q869: 2 | V869: 2 | AA869: 2 | AF869: 2 | AK869: 2 | AP869: 2
B870: 3 | G870: 3 | L870: 3 | Q870: 3 | V870: 3 | AA870: 3 | AF870: 3 | AK870: 3 | AP870: 3
B871: 4 | G871: 4 | L871: 4 | Q871: 4 | V871: 4 | AA871: 4 | AF871: 4 | AK871: 4 | AP871: 4
B872: 5 | G872: 5 | L872: 5 | Q872: 5 | V872: 5 | AA872: 5 | AF872: 5 | AK872: 5 | AP872: 5
B873: 6 | G873: 6 | L873: 6 | Q873: 6 | V873: 6 | AA873: 6 | AF873: 6 | AK873: 6 | AP873: 6
B874: 7 | G874: 7 | L874: 7 | Q874: 7 | V874: 7 | AA874: 7 | AF874: 7 | AK874: 7 | AP874: 7
B875: 8 | G875: 8 | L875: 8 | Q875: 8 | V875: 8 | AA875: 8 | AF875: 8 | AK875: 8 | AP875: 8
B876: 9 | G876: 9 | L876: 9 | Q876: 9 | V876: 9 | AA876: 9 | AF876: 9 | AK876: 9 | AP876: 9
B877: 10 | G877: 10 | L877: 10 | Q877: 10 | V877: 10 | AA877: 10 | AF877: 10 | AK877: 10 | AP877: 10
B878: 11 | G878: 11 | L878: 11 | Q878: 11 | V878: 11 | AA878: 11 | AF878: 11 | AK878: 11 | AP878: 11
B879: 12 | G879: 12 | L879: 12 | Q879: 12 | V879: 12 | AA879: 12 | AF879: 12 | AK879: 12 | AP879: 12
... B1719: 852 | G1719: 852 | L1719: 852 | Q1719: 852 | V1719: 852 | AA1719: 852 | AF1719: 852 | AK1719: 852 | AP1719: 852
B1720: … | G1720: … | L1720: … | Q1720: … | V1720: … | AA1720: … | AF1720: … | AK1720: … | AP1720: …

Sheet SBA_D&D
B2: The default and downgrade costs provided by the Authority have already been provided in the tables below no further action needed on those
B3: For other categories where the Authority has not provided the Default & Downgrade costs, please provide details below
B4: If additional sub-categories are required, please insert new tables at the bottom of the last table following the same format
B6: Annual Downgrade & Default Cost Assumptions
B8: Assets and Default & Downgrade Mapping
B9: SBA Asset Type (pick assets used in SBA only) | C9: Default & Downgrade Asset Sub-Category Mapping (use names in tables below)
B10: Asset 1 | C10: =B10 -> Asset 1
B11: Asset 2 | C11: =B11 -> Asset 2
B12: Asset 3 | C12: =B12 -> Asset 3
B13: Asset 4 | C13: =B13 -> Asset 4
B14: Asset 5 | C14: =B14 -> Asset 5
B15: Asset 6 | C15: =B15 -> Asset 6
B16: Asset 7 | C16: =B16 -> Asset 7
B17: Asset 8 | C17: =B17 -> Asset 8
B18: Asset 9 | C18: =B18 -> Asset 9
B19: Asset 10 | C19: =B19 -> Asset 10
B20: Asset 11 | C20: =B20 -> Asset 11
B21: Asset 12 | C21: =B21 -> Asset 12
... B46: Asset 37 | C46: =B46 -> Asset 37
B50: Standard Asset Sub-categories
B52: Asset Sub-Category | C52: 1st Lien Bank Loans
B53: Table Type | C53: Expected Loss from Defaults | D53: Expected Loss from Defaults | E53: Expected Loss from Defaults | F53: Expected Loss from Defaults | G53: Expected Loss from Defaults | H53: Expected Loss from Defaults | I53: Expected Loss from Defaults | J53: Expected Loss from Defaults
B54: Asset Rating | C54: 1 | D54: 2 | E54: 3 | F54: 4 | G54: 5 | H54: 6 | I54: 7 | J54: 8
B55: 1 | C55: 0 | D55: 0.01 | E55: 0.02 | F55: 0.06 | G55: 0.27 | H55: 1.14 | I55: 3.54 | J55: 12.41
B56: 2 | C56: 0 | D56: 0.01 | E56: 0.02 | F56: 0.07 | G56: 0.39 | H56: 1.4 | I56: 3.15 | J56: 8.41
B57: 3 | C57: 0.01 | D57: 0.01 | E57: 0.03 | F57: 0.09 | G57: 0.47 | H57: 1.5 | I57: 2.9 | J57: 6.54
B58: 4 | C58: 0.01 | D58: 0.02 | E58: 0.04 | F58: 0.1 | G58: 0.51 | H58: 1.51 | I58: 2.58 | J58: 5.09
B59: 5 | C59: 0.01 | D59: 0.02 | E59: 0.04 | F59: 0.12 | G59: 0.55 | H59: 1.48 | I59: 2.34 | J59: 4.09
B60: 6 | C60: 0.02 | D60: 0.02 | E60: 0.05 | F60: 0.13 | G60: 0.57 | H60: 1.43 | I60: 2.16 | J60: 3.42
B61: 7 | C61: 0.02 | D61: 0.02 | E61: 0.05 | F61: 0.13 | G61: 0.58 | H61: 1.38 | I61: 2 | J61: 2.94
B62: 8 | C62: 0.02 | D62: 0.02 | E62: 0.06 | F62: 0.14 | G62: 0.59 | H62: 1.32 | I62: 1.87 | J62: 2.58
B63: 9 | C63: 0.02 | D63: 0.02 | E63: 0.06 | F63: 0.15 | G63: 0.59 | H63: 1.27 | I63: 1.77 | J63: 2.3
B64: 10 | C64: 0.02 | D64: 0.03 | E64: 0.07 | F64: 0.15 | G64: 0.59 | H64: 1.23 | I64: 1.68 | J64: 2.07
B65: 11 | C65: 0.02 | D65: 0.03 | E65: 0.07 | F65: 0.15 | G65: 0.59 | H65: 1.23 | I65: 1.68 | J65: 2.07
B66: 12 | C66: 0.02 | D66: 0.03 | E66: 0.07 | F66: 0.15 | G66: 0.59 | H66: 1.23 | I66: 1.68 | J66: 2.07
... B74: 20 | C74: 0.02 | D74: 0.03 | E74: 0.07 | F74: 0.15 | G74: 0.59 | H74: 1.23 | I74: 1.68 | J74: 2.07
B76: Asset Sub-Category | C76: 1st Lien Bank Loans
B77: Table Type | C77: Cost of Downgrade | D77: Cost of Downgrade | E77: Cost of Downgrade | F77: Cost of Downgrade | G77: Cost of Downgrade | H77: Cost of Downgrade | I77: Cost of Downgrade | J77: Cost of Downgrade
B78: Asset Rating | C78: 1 | D78: 2 | E78: 3 | F78: 4 | G78: 5 | H78: 6 | I78: 7 | J78: 8
B79: 1 | C79: 0.02 | D79: 0.02 | E79: 0.04 | F79: 0.11 | G79: 0.45 | H79: 1.59 | I79: 4.04 | J79: 10.04
B80: 2 | C80: 0.02 | D80: 0.02 | E80: 0.04 | F80: 0.11 | G80: 0.59 | H80: 1.63 | I80: 2.94 | J80: 6.65
B81: 3 | C81: 0.02 | D81: 0.02 | E81: 0.04 | F81: 0.11 | G81: 0.65 | H81: 1.52 | I81: 2.28 | J81: 4.94
B82: 4 | C82: 0.02 | D82: 0.03 | E82: 0.04 | F82: 0.12 | G82: 0.66 | H82: 1.38 | I82: 1.9 | J82: 3.8
B83: 5 | C83: 0.02 | D83: 0.03 | E83: 0.04 | F83: 0.12 | G83: 0.64 | H83: 1.22 | I83: 1.63 | J83: 3.09
B84: 6 | C84: 0.02 | D84: 0.03 | E84: 0.04 | F84: 0.12 | G84: 0.63 | H84: 1.08 | I84: 1.39 | J84: 2.61
B85: 7 | C85: 0.02 | D85: 0.03 | E85: 0.04 | F85: 0.11 | G85: 0.59 | H85: 0.97 | I85: 1.21 | J85: 2.25
B86: 8 | C86: 0.02 | D86: 0.03 | E86: 0.04 | F86: 0.11 | G86: 0.56 | H86: 0.89 | I86: 1.11 | J86: 1.98
B87: 9 | C87: 0.02 | D87: 0.03 | E87: 0.04 | F87: 0.11 | G87: 0.54 | H87: 0.84 | I87: 1.02 | J87: 1.77
B88: 10 | C88: 0.02 | D88: 0.03 | E88: 0.04 | F88: 0.11 | G88: 0.51 | H88: 0.79 | I88: 0.94 | J88: 1.62
B89: 11 | C89: 0.02 | D89: 0.03 | E89: 0.04 | F89: 0.11 | G89: 0.51 | H89: 0.79 | I89: 0.94 | J89: 1.62
B90: 12 | C90: 0.02 | D90: 0.03 | E90: 0.04 | F90: 0.11 | G90: 0.51 | H90: 0.79 | I90: 0.94 | J90: 1.62
... B98: 20 | C98: 0.02 | D98: 0.03 | E98: 0.04 | F98: 0.11 | G98: 0.51 | H98: 0.79 | I98: 0.94 | J98: 1.62
B101: Asset Sub-Category | C101: Other Bank Loans
B102: Table Type | C102: Expected Loss from Defaults | D102: Expected Loss from Defaults | E102: Expected Loss from Defaults | F102: Expected Loss from Defaults | G102: Expected Loss from Defaults | H102: Expected Loss from Defaults | I102: Expected Loss from Defaults | J102: Expected Loss from Defaults
B103: Asset Rating | C103: 1 | D103: 2 | E103: 3 | F103: 4 | G103: 5 | H103: 6 | I103: 7 | J103: 8
B104: 1 | C104: 0 | D104: 0.01 | E104: 0.03 | F104: 0.11 | G104: 0.49 | H104: 2.06 | I104: 6.39 | J104: 22.44
B105: 2 | C105: 0 | D105: 0.01 | E105: 0.04 | F105: 0.13 | G105: 0.71 | H105: 2.54 | I105: 5.78 | J105: 15.82
B106: 3 | C106: 0.01 | D106: 0.02 | E106: 0.06 | F106: 0.16 | G106: 0.85 | H106: 2.75 | I106: 5.37 | J106: 12.58
B107: 4 | C107: 0.02 | D107: 0.03 | E107: 0.07 | F107: 0.19 | G107: 0.93 | H107: 2.79 | I107: 4.81 | J107: 9.89
B108: 5 | C108: 0.03 | D108: 0.04 | E108: 0.08 | F108: 0.21 | G108: 1 | H108: 2.74 | I108: 4.41 | J108: 8
B109: 6 | C109: 0.03 | D109: 0.04 | E109: 0.09 | F109: 0.23 | G109: 1.05 | H109: 2.67 | I109: 4.09 | J109: 6.71
B110: 7 | C110: 0.03 | D110: 0.04 | E110: 0.1 | F110: 0.24 | G110: 1.07 | H110: 2.59 | I110: 3.82 | J110: 5.78
B111: 8 | C111: 0.03 | D111: 0.04 | E111: 0.11 | F111: 0.26 | G111: 1.09 | H111: 2.49 | I111: 3.58 | J111: 5.08
B112: 9 | C112: 0.03 | D112: 0.04 | E112: 0.11 | F112: 0.27 | G112: 1.09 | H112: 2.4 | I112: 3.4 | J112: 4.53
B113: 10 | C113: 0.03 | D113: 0.05 | E113: 0.12 | F113: 0.28 | G113: 1.1 | H113: 2.33 | I113: 3.24 | J113: 4.08
B114: 11 | C114: 0.03 | D114: 0.05 | E114: 0.12 | F114: 0.28 | G114: 1.1 | H114: 2.33 | I114: 3.24 | J114: 4.08
B115: 12 | C115: 0.03 | D115: 0.05 | E115: 0.12 | F115: 0.28 | G115: 1.1 | H115: 2.33 | I115: 3.24 | J115: 4.08
... B123: 20 | C123: 0.03 | D123: 0.05 | E123: 0.12 | F123: 0.28 | G123: 1.1 | H123: 2.33 | I123: 3.24 | J123: 4.08
B125: Asset Sub-Category | C125: Other Bank Loans
B126: Table Type | C126: Cost of Downgrade | D126: Cost of Downgrade | E126: Cost of Downgrade | F126: Cost of Downgrade | G126: Cost of Downgrade | H126: Cost of Downgrade | I126: Cost of Downgrade | J126: Cost of Downgrade
B127: Asset Rating | C127: 1 | D127: 2 | E127: 3 | F127: 4 | G127: 5 | H127: 6 | I127: 7 | J127: 8
B128: 1 | C128: 0.03 | D128: 0.03 | E128: 0.06 | F128: 0.17 | G128: 0.72 | H128: 2.5 | I128: 6.25 | J128: 15.06
B129: 2 | C129: 0.03 | D129: 0.03 | E129: 0.06 | F129: 0.18 | G129: 0.94 | H129: 2.57 | I129: 4.63 | J129: 11.04
B130: 3 | C130: 0.04 | D130: 0.04 | E130: 0.06 | F130: 0.17 | G130: 1.02 | H130: 2.4 | I130: 3.62 | J130: 8.66
B131: 4 | C131: 0.04 | D131: 0.04 | E131: 0.06 | F131: 0.18 | G131: 1.04 | H131: 2.18 | I131: 3.04 | J131: 6.83
B132: 5 | C132: 0.04 | D132: 0.05 | E132: 0.07 | F132: 0.18 | G132: 1.02 | H132: 1.94 | I132: 2.63 | J132: 5.62
B133: 6 | C133: 0.04 | D133: 0.05 | E133: 0.07 | F133: 0.18 | G133: 0.99 | H133: 1.71 | I133: 2.24 | J133: 4.78
B134: 7 | C134: 0.04 | D134: 0.05 | E134: 0.07 | F134: 0.17 | G134: 0.94 | H134: 1.54 | I134: 1.97 | J134: 4.15
B135: 8 | C135: 0.04 | D135: 0.05 | E135: 0.07 | F135: 0.17 | G135: 0.89 | H135: 1.43 | I135: 1.8 | J135: 3.67
B136: 9 | C136: 0.04 | D136: 0.05 | E136: 0.07 | F136: 0.17 | G136: 0.86 | H136: 1.35 | I136: 1.68 | J136: 3.29
B137: 10 | C137: 0.04 | D137: 0.05 | E137: 0.07 | F137: 0.16 | G137: 0.82 | H137: 1.27 | I137: 1.55 | J137: 3.03
B138: 11 | C138: 0.04 | D138: 0.05 | E138: 0.07 | F138: 0.16 | G138: 0.82 | H138: 1.27 | I138: 1.55 | J138: 3.03
B139: 12 | C139: 0.04 | D139: 0.05 | E139: 0.07 | F139: 0.16 | G139: 0.82 | H139: 1.27 | I139: 1.55 | J139: 3.03
... B147: 20 | C147: 0.04 | D147: 0.05 | E147: 0.07 | F147: 0.16 | G147: 0.82 | H147: 1.27 | I147: 1.55 | J147: 3.03
B149: Asset Sub-Category | C149: Secured Bonds
B150: Table Type | C150: Expected Loss from Defaults | D150: Expected Loss from Defaults | E150: Expected Loss from Defaults | F150: Expected Loss from Defaults | G150: Expected Loss from Defaults | H150: Expected Loss from Defaults | I150: Expected Loss from Defaults | J150: Expected Loss from Defaults
B151: Asset Rating | C151: 1 | D151: 2 | E151: 3 | F151: 4 | G151: 5 | H151: 6 | I151: 7 | J151: 8
B152: 1 | C152: 0 | D152: 0.01 | E152: 0.02 | F152: 0.09 | G152: 0.38 | H152: 1.57 | I152: 4.86 | J152: 17.08
B153: 2 | C153: 0 | D153: 0.01 | E153: 0.03 | F153: 0.1 | G153: 0.54 | H153: 1.93 | I153: 4.37 | J153: 11.78
B154: 3 | C154: 0.01 | D154: 0.02 | E154: 0.04 | F154: 0.12 | G154: 0.64 | H154: 2.08 | I154: 4.03 | J154: 9.25
B155: 4 | C155: 0.02 | D155: 0.02 | E155: 0.05 | F155: 0.14 | G155: 0.71 | H155: 2.1 | I155: 3.6 | J155: 7.23
B156: 5 | C156: 0.02 | D156: 0.03 | E156: 0.06 | F156: 0.16 | G156: 0.76 | H156: 2.05 | I156: 3.28 | J156: 5.83
B157: 6 | C157: 0.02 | D157: 0.03 | E157: 0.07 | F157: 0.17 | G157: 0.79 | H157: 2 | I157: 3.03 | J157: 4.88
B158: 7 | C158: 0.02 | D158: 0.03 | E158: 0.07 | F158: 0.18 | G158: 0.81 | H158: 1.93 | I158: 2.82 | J158: 4.2
B159: 8 | C159: 0.02 | D159: 0.03 | E159: 0.08 | F159: 0.19 | G159: 0.82 | H159: 1.85 | I159: 2.64 | J159: 3.68
B160: 9 | C160: 0.02 | D160: 0.03 | E160: 0.09 | F160: 0.21 | G160: 0.82 | H160: 1.78 | I160: 2.5 | J160: 3.28
B161: 10 | C161: 0.02 | D161: 0.04 | E161: 0.09 | F161: 0.21 | G161: 0.83 | H161: 1.73 | I161: 2.38 | J161: 2.96
B162: 11 | C162: 0.02 | D162: 0.04 | E162: 0.09 | F162: 0.21 | G162: 0.83 | H162: 1.73 | I162: 2.38 | J162: 2.96
B163: 12 | C163: 0.02 | D163: 0.04 | E163: 0.09 | F163: 0.21 | G163: 0.83 | H163: 1.73 | I163: 2.38 | J163: 2.96
... B171: 20 | C171: 0.02 | D171: 0.04 | E171: 0.09 | F171: 0.21 | G171: 0.83 | H171: 1.73 | I171: 2.38 | J171: 2.96
...

Sheet SBA_Stress
B2: All Dollar Amounts in 000s
B4: SBA sub-portfolio | C4: Scenario | D4: Assets MV | E4: BEL | F4: LapC | G4: Risk Margin | H4: Other TP | I4: BSCR | J4: Surplus | K4: Cover Ratio
B5: 1 | C5: Standard Approach
C6: SBA - Before Stress Scenario
C7: SBA - Without any spread caps
C8: SBA - Combined credit spread and mass lapse
C9: SBA - One-notch credit downgrade
C10: SBA - No reinvestment into assets acceptable on a limited basis
B11: 2 | C11: Standard Approach
C12: SBA - Before Stress Scenario
C13: SBA - Without any spread caps
C14: SBA - Combined credit spread and mass lapse
C15: SBA - One-notch credit downgrade
C16: SBA - No reinvestment into assets acceptable on a limited basis
B17: 3 | C17: Standard Approach
C18: SBA - Before Stress Scenario
C19: SBA - Without any spread caps
C20: SBA - Combined credit spread and mass lapse
C21: SBA - One-notch credit downgrade
C22: SBA - No reinvestment into assets acceptable on a limited basis
B23: 4 | C23: Standard Approach
C24: SBA - Before Stress Scenario
C25: SBA - Without any spread caps
C26: SBA - Combined credit spread and mass lapse
C27: SBA - One-notch credit downgrade
C28: SBA - No reinvestment into assets acceptable on a limited basis
B29: 5 | C29: Standard Approach
C30: SBA - Before Stress Scenario
C31: SBA - Without any spread caps
C32: SBA - Combined credit spread and mass lapse
C33: SBA - One-notch credit downgrade
C34: SBA - No reinvestment into assets acceptable on a limited basis
B35: 6 | C35: Standard Approach
C36: SBA - Before Stress Scenario
C37: SBA - Without any spread caps
C38: SBA - Combined credit spread and mass lapse
C39: SBA - One-notch credit downgrade
C40: SBA - No reinvestment into assets acceptable on a limited basis
B41: 7 | C41: Standard Approach
C42: SBA - Before Stress Scenario
C43: SBA - Without any spread caps
C44: SBA - Combined credit spread and mass lapse
C45: SBA - One-notch credit downgrade
C46: SBA - No reinvestment into assets acceptable on a limited basis
B47: 8 | C47: Standard Approach
C48: SBA - Before Stress Scenario
C49: SBA - Without any spread caps
C50: SBA - Combined credit spread and mass lapse
C51: SBA - One-notch credit downgrade
C52: SBA - No reinvestment into assets acceptable on a limited basis
B53: 9 | C53: Standard Approach
C54: SBA - Before Stress Scenario
C55: SBA - Without any spread caps
C56: SBA - Combined credit spread and mass lapse
C57: SBA - One-notch credit downgrade
C58: SBA - No reinvestment into assets acceptable on a limited basis
B59: 10 | C59: Standard Approach
C60: SBA - Before Stress Scenario
C61: SBA - Without any spread caps
C62: SBA - Combined credit spread and mass lapse
C63: SBA - One-notch credit downgrade
C64: SBA - No reinvestment into assets acceptable on a limited basis
B65: 11 | C65: Standard Approach
C66: SBA - Before Stress Scenario
C67: SBA - Without any spread caps
C68: SBA - Combined credit spread and mass lapse
C69: SBA - One-notch credit downgrade
C70: SBA - No reinvestment into assets acceptable on a limited basis
B71: 12 | C71: Standard Approach
C72: SBA - Before Stress Scenario
C73: SBA - Without any spread caps
C74: SBA - Combined credit spread and mass lapse
C75: SBA - One-notch credit downgrade
C76: SBA - No reinvestment into assets acceptable on a limited basis
B77: 13 | C77: Standard Approach
C78: SBA - Before Stress Scenario
C79: SBA - Without any spread caps
C80: SBA - Combined credit spread and mass lapse
C81: SBA - One-notch credit downgrade
C82: SBA - No reinvestment into assets acceptable on a limited basis
B83: 14 | C83: Standard Approach
C84: SBA - Before Stress Scenario
C85: SBA - Without any spread caps
C86: SBA - Combined credit spread and mass lapse
C87: SBA - One-notch credit downgrade
C88: SBA - No reinvestment into assets acceptable on a limited basis
B89: 15 | C89: Standard Approach
C90: SBA - Before Stress Scenario
C91: SBA - Without any spread caps
C92: SBA - Combined credit spread and mass lapse
C93: SBA - One-notch credit downgrade
C94: SBA - No reinvestment into assets acceptable on a limited basis
B95: 16 | C95: Standard Approach
C96: SBA - Before Stress Scenario
C97: SBA - Without any spread caps
C98: SBA - Combined credit spread and mass lapse
C99: SBA - One-notch credit downgrade
C100: SBA - No reinvestment into assets acceptable on a limited basis
B101: 17 | C101: Standard Approach
C102: SBA - Before Stress Scenario
...

Sheet SBA_AoC
B2: SBA sub-portfolio number (10 largest) | C2: Description of Products | D2: BEL - Base Scenario | E2: BEL - Scenario 1 | F2: BEL - Scenario 2 | G2: BEL - Scenario 3 | H2: BEL - Scenario 4 | I2: BEL - Scenario 5 | J2: BEL - Scenario 6 | K2: BEL - Scenario 7 | L2: BEL - Scenario 8 | M2: BEL - Standard Approach
C3: Description | D3: BEL | E3: BEL | F3: BEL | G3: BEL | H3: BEL | I3: BEL | J3: BEL | K3: BEL | L3: BEL | M3: BEL
B4: 1
B5: 2
B6: 3
B7: 4
B8: 5
B9: 6
B10: 7
B11: 8
B12: 9
B13: 10
B14: aggregate of all other small portfolios
C17: All Dollar Amounts in 000s
B19: Sub-Portfolio | D19: 1
B21: Biting Scenario
B22: Prior Period | C22: Drop and Raise | D22: iii.
B23: Current Period | C23: Parallel Increase | D23: iii.
C25: SBA BEL - Movement Analysis
C26: Step | D26: BEL (after AoC step) | E26: Change | F26: Percentage | G26: Implied SBA Spread (implicit SBA spread based on BEL that follows the AoC step) | H26: Comment
B27: 0 | C27: Prior period (start)
B28: 1 | C28: Model Changes
B29: 2 | C29: Unwind
B30: 3 | C30: Variation of Liabilities Cashflows for In-force
B31: 4 | C31: Updated Risk Free Rate
B32: 5 | C32: Update Starting Portfolio Asset Spreads
B33: 6 | C33: Update to Assumed Target Asset Allocation
B34: 7 | C34: Update to Assumed Reinvestment Spreads
B35: 8 | C35: New Business
B36: 9 | C36: Change in Biting Scenario from Prior Period
B37: 10 | C37: Other (a)/(MVA,Credit Rate,Reinsurance Inforce Updates)
B38: 11 | C38: Update Asset Portfolio
... B43: 17 | C43: Closing BEL
B46: Sub-Portfolio | D46: 2
B48: Biting Scenario
B49: Prior Period | C49: Drop and Raise | D49: iii.
B50: Current Period | C50: Parallel Increase | D50: iii.
C52: SBA BEL - Movement Analysis
C53: Step | D53: BEL (after AoC step) | E53: Change | F53: Percentage | G53: Implied SBA Spread (implicit SBA spread based on BEL that follows the AoC step) | H53: Comment
B54: 0 | C54: Prior period (start)
B55: 1 | C55: Model Changes
B56: 2 | C56: Unwind
B57: 3 | C57: Variation of Liabilities Cashflows for In-force
B58: 4 | C58: Updated Risk Free Rate
B59: 5 | C59: Update Starting Portfolio Asset Spreads
B60: 6 | C60: Update to Assumed Target Asset Allocation
B61: 7 | C61: Update to Assumed Reinvestment Spreads
B62: 8 | C62: New Business
B63: 9 | C63: Change in Biting Scenario from Prior Period
B64: 10 | C64: Other (a)/(MVA,Credit Rate,Reinsurance Inforce Updates)
B65: 11 | C65: Update Asset Portfolio
... B70: 17 | C70: Closing BEL
B73: Sub-Portfolio | D73: 3
B75: Biting Scenario
B76: Prior Period | C76: Drop and Raise | D76: iii.
B77: Current Period | C77: Parallel Increase | D77: iii.
C79: SBA BEL - Movement Analysis
C80: Step | D80: BEL (after AoC step) | E80: Change | F80: Percentage | G80: Implied SBA Spread (implicit SBA spread based on BEL that follows the AoC step) | H80: Comment
B81: 0 | C81: Prior period (start)
B82: 1 | C82: Model Changes
B83: 2 | C83: Unwind
B84: 3 | C84: Variation of Liabilities Cashflows for In-force
B85: 4 | C85: Updated Risk Free Rate
B86: 5 | C86: Update Starting Portfolio Asset Spreads
B87: 6 | C87: Update to Assumed Target Asset Allocation
B88: 7 | C88: Update to Assumed Reinvestment Spreads
B89: 8 | C89: New Business
B90: 9 | C90: Change in Biting Scenario from Prior Period
B91: 10 | C91: Other (a)/(MVA,Credit Rate,Reinsurance Inforce Updates)
B92: 11 | C92: Update Asset Portfolio
... B97: 17 | C97: Closing BEL
B100: Sub-Portfolio | D100: 4
B102: Biting Scenario
B103: Prior Period | C103: Drop and Raise | D103: iii.
B104: Current Period | C104: Parallel Increase | D104: iii.
C106: SBA BEL - Movement Analysis
C107: Step | D107: BEL (after AoC step) | E107: Change | F107: Percentage | G107: Implied SBA Spread (implicit SBA spread based on BEL that follows the AoC step) | H107: Comment
B108: 0 | C108: Prior period (start)
B109: 1 | C109: Model Changes
B110: 2 | C110: Unwind
B111: 3 | C111: Variation of Liabilities Cashflows for In-force
B112: 4 | C112: Updated Risk Free Rate
B113: 5 | C113: Update Starting Portfolio Asset Spreads
B114: 6 | C114: Update to Assumed Target Asset Allocation
B115: 7 | C115: Update to Assumed Reinvestment Spreads
B116: 8 | C116: New Business
B117: 9 | C117: Change in Biting Scenario from Prior Period
B118: 10 | C118: Other (a)/(MVA,Credit Rate,Reinsurance Inforce Updates)
B119: 11 | C119: Update Asset Portfolio
... B124: 17 | C124: Closing BEL
B127: Sub-Portfolio | D127: 5
B129: Biting Scenario
B130: Prior Period | C130: Drop and Raise | D130: iii.
B131: Current Period | C131: Parallel Increase | D131: iii.
C133: SBA BEL - Movement Analysis
C134: Step | D134: BEL (after AoC step) | E134: Change | F134: Percentage | G134: Implied SBA Spread (implicit SBA spread based on BEL that follows the AoC step) | H134: Comment
B135: 0 | C135: Prior period (start)
B136: 1 | C136: Model Changes
B137: 2 | C137: Unwind
B138: 3 | C138: Variation of Liabilities Cashflows for In-force
...

Sheet Asset Projections>>
AS4: *
AD7: Direct sales

Sheet AP_All_Scenarios
H1: Yes
B2: Please enter the projected asset cashflows and market values for existing assets for all scenarios. If there are more asset cashflow rows than can be accomodated in this sheet, please report some blocks under AP_All_Scenarios_Others
B3: Please note the Asset ID and Sub-Portfolio Number need to be consitent with those used in the asset sheets. i.e., it should be easy to map each Asset ID in this sheet to the respective asset, and vice versa.
B4: Please only enter Accrued Interest where it is not already included in the Market Value
B5: Amounts in thousands
B6: Time0 refers to the valuation date, Time1 is the first month for monthly projections and first quarter for quarterly projections.
B8: Projection Frequency | C8: Scenario ID | D8: SBA Sub-portfolio Number | E8: Sub-Portfolio Name | F8: Asset ID: CUSIP/ISIN/Internal ID | G8: Asset ID in Asset Projections | H8: Projected Value Type | I8: Time0 | J8: Time1 | K8: Time2 | L8: Time3 | M8: Time4 | N8: Time5 | O8: Time6 | P8: Time7 | Q8: Time8 | R8: Time9 | S8: Time10 | T8: Time11 | U8: Time12 | V8: Time13 | W8: Time14 | X8: Time15 | Y8: Time16 | Z8: Time17 | AA8: Time18 | AB8: Time19 | AC8: Time20 | AD8: Time21 | AE8: Time22 | AF8: Time23 | AG8: Time24 | AH8: Time25 | AI8: Time26 | AJ8: Time27 | AK8: Time28 | AL8: Time29 | AM8: Time30 | AN8: Time31 | AO8: Time32 | AP8: Time33 | AQ8: Time34 | AR8: Time35 | AS8: Time36 | AT8: Time37 | AU8: Time38 | AV8: Time39 | AW8: Time40 | AX8: Time41 | AY8: Time42 | AZ8: Time43 | BA8: Time44 | BB8: Time45 | BC8: Time46 | BD8: Time47 | BE8: Time48 | BF8: Time49 | BG8: Time50 | BH8: Time51 | BI8: Time52 | BJ8: Time53 | BK8: Time54 | BL8: Time55 | BM8: Time56 | BN8: Time57 | BO8: Time58 | BP8: Time59 | BQ8: Time60 | BR8: Time61 | BS8: Time62 | BT8: Time63 | BU8: Time64 | BV8: Time65 | BW8: Time66 | BX8: Time67 | BY8: Time68 | BZ8: Time69 | CA8: Time70 | CB8: Time71 | CC8: Time72 | CD8: Time73 | CE8: Time74 | CF8: Time75 | CG8: Time76 | CH8: Time77 | CI8: Time78 | CJ8: Time79 | CK8: Time80 | CL8: Time81 | CM8: Time82 | CN8: Time83 | CO8: Time84 | CP8: Time85 | CQ8: Time86 | CR8: Time87 | CS8: Time88 | CT8: Time89 | CU8: Time90 | CV8: Time91 | CW8: Time92 | CX8: Time93 | CY8: Time94 | CZ8: Time95 | DA8: Time96 | DB8: Time97 | DC8: Time98 | DD8: Time99 | DE8: Time100 | DF8: Time101 | DG8: Time102 | DH8: Time103 | DI8: Time104 | DJ8: Time105 | DK8: Time106 | DL8: Time107 | DM8: Time108 | DN8: Time109 | DO8: Time110 | DP8: Time111 | DQ8: Time112 | DR8: Time113 | DS8: Time114 | DT8: Time115 | DU8: Time116 | DV8: Time117 | DW8: Time118 | DX8: Time119 | DY8: Time120 | DZ8: Time121 | EA8: Time122 | EB8: Time123 | EC8: Time124 | ED8: Time125 | EE8: Time126 | EF8: Time127 | EG8: Time128 | EH8: Time129 | EI8: Time130 | EJ8: Time131 | EK8: Time132 | EL8: Time133 | EM8: Time134 | EN8: Time135 | EO8: Time136 | EP8: Time137 | EQ8: Time138 | ER8: Time139 | ES8: Time140 | ET8: Time141 | EU8: Time142 | EV8: Time143 | EW8: Time144 | EX8: Time145 | EY8: Time146 | EZ8: Time147 | FA8: Time148 | FB8: Time149 | FC8: Time150 | FD8: Time151 | FE8: Time152 | FF8: Time153 | FG8: Time154 | FH8: Time155 | FI8: Time156 | FJ8: Time157 | FK8: Time158 | FL8: Time159 | FM8: Time160 | FN8: Time161 | FO8: Time162 | FP8: Time163 | FQ8: Time164 | FR8: Time165 | FS8: Time166 | FT8: Time167 | FU8: Time168 | FV8: Time169 | FW8: Time170 | FX8: Time171 | FY8: Time172 | FZ8: Time173 | GA8: Time174 | GB8: Time175 | GC8: Time176 | GD8: Time177 | GE8: Time178 | GF8: Time179 | GG8: Time180 | GH8: Time181 | GI8: Time182 | GJ8: Time183 | GK8: Time184 | GL8: Time185 | GM8: Time186 | GN8: Time187 | GO8: Time188 | GP8: Time189 | GQ8: Time190 | GR8: Time191 | GS8: Time192 | GT8: Time193 | GU8: Time194 | GV8: Time195 | GW8: Time196 | GX8: Time197 | GY8: Time198 | GZ8: Time199 | HA8: Time200 | HB8: Time201 | HC8: Time202 | HD8: Time203 | HE8: Time204 | HF8: Time205 | HG8: Time206 | HH8: Time207 | HI8: Time208 | HJ8: Time209 | HK8: Time210 | HL8: Time211 | HM8: Time212 | HN8: Time213 | HO8: Time214 | HP8: Time215 | HQ8: Time216 | HR8: Time217 | HS8: Time218 | HT8: Time219 | HU8: Time220 | HV8: Time221 | HW8: Time222 | HX8: Time223 | HY8: Time224 | HZ8: Time225 | IA8: Time226 | IB8: Time227 | IC8: Time228 | ID8: Time229 | IE8: Time230 | IF8: Time231 | IG8: Time232 | IH8: Time233 | II8: Time234 | IJ8: Time235 | IK8: Time236 | IL8: Time237 | IM8: Time238 | IN8: Time239 | IO8: Time240 | IP8: Time241 | IQ8: Time242 | IR8: Time243 | IS8: Time244 | IT8: Time245 | IU8: Time246 | IV8: Time247 | IW8: Time248 | IX8: Time249 | IY8: Time250 | IZ8: Time251 | JA8: Time252 | JB8: Time253 | JC8: Time254 | JD8: Time255 | JE8: Time256 | JF8: Time257 | JG8: Time258 | JH8: Time259 | JI8: Time260 | JJ8: Time261 | JK8: Time262 | JL8: Time263 | JM8: Time264 | JN8: Time265 | JO8: Time266 | JP8: Time267 | JQ8: Time268 | JR8: Time269 | JS8: Time270 | JT8: Time271 | JU8: Time272 | JV8: Time273 | JW8: Time274 | JX8: Time275 | JY8: Time276 | JZ8: Time277 | KA8: Time278 | KB8: Time279 | KC8: Time280 | KD8: Time281 | KE8: Time282 | KF8: Time283 | KG8: Time284 | KH8: Time285 | KI8: Time286 | KJ8: Time287 | KK8: Time288 | KL8: Time289 | KM8: Time290 | KN8: Time291 | KO8: Time292 | KP8: Time293 | KQ8: Time294 | KR8: Time295 | KS8: Time296 | KT8: Time297 | KU8: Time298 | KV8: Time299 | KW8: Time300 | KX8: Time301 | KY8: Time302 | KZ8: Time303 | LA8: Time304 | LB8: Time305 | LC8: Time306 | LD8: Time307 | LE8: Time308 | LF8: Time309 | LG8: Time310 | LH8: Time311 | LI8: Time312 | LJ8: Time313 | LK8: Time314 | LL8: Time315 | LM8: Time316 | LN8: Time317 | LO8: Time318 | LP8: Time319 | LQ8: Time320 | LR8: Time321 | LS8: Time322 | LT8: Time323 | LU8: Time324 | LV8: Time325 | LW8: Time326 | LX8: Time327 | LY8: Time328 | LZ8: Time329 | MA8: Time330 | MB8: Time331 | MC8: Time332 | MD8: Time333 | ME8: Time334 | MF8: Time335 | MG8: Time336 | MH8: Time337 | MI8: Time338 | MJ8: Time339 | MK8: Time340 | ML8: Time341 | MM8: Time342 | MN8: Time343 | MO8: Time344 | MP8: Time345 | MQ8: Time346 | MR8: Time347 | MS8: Time348 | MT8: Time349 | MU8: Time350 | MV8: Time351 | MW8: Time352 | MX8: Time353 | MY8: Time354 | MZ8: Time355 | NA8: Time356 | NB8: Time357 | NC8: Time358 | ND8: Time359 | NE8: Time360 | NF8: Time361 | NG8: Time362 | NH8: Time363 | NI8: Time364 | NJ8: Time365 | NK8: Time366 | NL8: Time367 | NM8: Time368 | NN8: Time369 | NO8: Time370 | NP8: Time371 | NQ8: Time372 | NR8: Time373 | NS8: Time374 | NT8: Time375 | NU8: Time376 | NV8: Time377 | NW8: Time378 | NX8: Time379 | NY8: Time380 | NZ8: Time381 | OA8: Time382 | OB8: Time383 | OC8: Time384 | OD8: Time385 | OE8: Time386 | OF8: Time387 | OG8: Time388 | OH8: Time389 | OI8: Time390 | OJ8: Time391 | OK8: Time392 | OL8: Time393 | OM8: Time394 | ON8: Time395 | OO8: Time396 | OP8: Time397 | OQ8: Time398 | OR8: Time399 | OS8: Time400 | OT8: Time401 | OU8: Time402 | OV8: Time403 | OW8: Time404 | OX8: Time405 | OY8: Time406 | OZ8: Time407 | PA8: Time408 | PB8: Time409 | PC8: Time410 | PD8: Time411 | PE8: Time412 | PF8: Time413 | PG8: Time414 | PH8: Time415 | PI8: Time416 | PJ8: Time417 | PK8: Time418 | PL8: Time419 | PM8: Time420 | PN8: Time421 | PO8: Time422 | PP8: Time423 | PQ8: Time424 | PR8: Time425 | PS8: Time426 | PT8: Time427 | PU8: Time428 | PV8: Time429 | PW8: Time430 | PX8: Time431 | PY8: Time432 | PZ8: Time433 | QA8: Time434 | QB8: Time435 | QC8: Time436 | QD8: Time437 | QE8: Time438 | QF8: Time439 | QG8: Time440 | QH8: Time441 | QI8: Time442 | QJ8: Time443 | QK8: Time444 | QL8: Time445 | QM8: Time446 | QN8: Time447 | QO8: Time448 | QP8: Time449 | QQ8: Time450 | QR8: Time451 | QS8: Time452 | QT8: Time453 | QU8: Time454 | QV8: Time455 | QW8: Time456 | QX8: Time457 | QY8: Time458 | QZ8: Time459 | RA8: Time460 | RB8: Time461 | RC8: Time462 | RD8: Time463 | RE8: Time464 | RF8: Time465 | RG8: Time466 | RH8: Time467 | RI8: Time468 | RJ8: Time469 | RK8: Time470 | RL8: Time471 | RM8: Time472 | RN8: Time473 | RO8: Time474 | RP8: Time475 | RQ8: Time476 | RR8: Time477 | RS8: Time478 | RT8: Time479 | RU8: Time480 | RV8: Time481 | RW8: Time482 | RX8: Time483 | RY8: Time484 | RZ8: Time485 | SA8: Time486 | SB8: Time487 | SC8: Time488 | SD8: Time489 | SE8: Time490 | SF8: Time491 | SG8: Time492 | SH8: Time493 | SI8: Time494 | SJ8: Time495 | SK8: Time496 | SL8: Time497 | SM8: Time498 | SN8: Time499 | SO8: Time500 | SP8: Time501 | SQ8: Time502 | SR8: Time503 | SS8: Time504 | ST8: Time505 | SU8: Time506 | SV8: Time507 | SW8: Time508 | SX8: Time509 | SY8: Time510 | SZ8: Time511 | TA8: Time512 | TB8: Time513 | TC8: Time514 | TD8: Time515 | TE8: Time516 | TF8: Time517 | TG8: Time518 | TH8: Time519 | TI8: Time520 | TJ8: Time521 | TK8: Time522 | TL8: Time523 | TM8: Time524 | TN8: Time525 | TO8: Time526 | TP8: Time527 | TQ8: Time528 | TR8: Time529 | TS8: Time530 | TT8: Time531 | TU8: Time532 | TV8: Time533 | TW8: Time534 | TX8: Time535 | TY8: Time536 | TZ8: Time537 | UA8: Time538 | UB8: Time539 | UC8: Time540 | UD8: Time541 | UE8: Time542 | UF8: Time543 | UG8: Time544 | UH8: Time545 | UI8: Time546 | UJ8: Time547 | UK8: Time548 | UL8: Time549 | UM8: Time550 | UN8: Time551 | UO8: Time552 | UP8: Time553 | UQ8: Time554 | UR8: Time555 | US8: Time556 | UT8: Time557 | UU8: Time558 | UV8: Time559 | UW8: Time560 | UX8: Time561 | UY8: Time562 | UZ8: Time563 | VA8: Time564 | VB8: Time565 | VC8: Time566 | VD8: Time567 | VE8: Time568 | VF8: Time569 | VG8: Time570 | VH8: Time571 | VI8: Time572 | VJ8: Time573 | VK8: Time574 | VL8: Time575 | VM8: Time576 | VN8: Time577 | VO8: Time578 | VP8: Time579 | VQ8: Time580 | VR8: Time581 | VS8: Time582 | VT8: Time583 | VU8: Time584 | VV8: Time585 | VW8: Time586 | VX8: Time587 | VY8: Time588 | VZ8: Time589 | WA8: Time590 | WB8: Time591 | WC8: Time592 | WD8: Time593 | WE8: Time594 | WF8: Time595 | WG8: Time596 | WH8: Time597 | WI8: Time598 | WJ8: Time599 | WK8: Time600 | WL8: Time601 | WM8: Time602 | WN8: Time603 | WO8: Time604 | WP8: Time605 | WQ8: Time606 | WR8: Time607 | WS8: Time608 | WT8: Time609 | WU8: Time610 | WV8: Time611 | WW8: Time612 | WX8: Time613 | WY8: Time614 | WZ8: Time615 | XA8: Time616 | XB8: Time617 | XC8: Time618 | XD8: Time619 | XE8: Time620 | XF8: Time621 | XG8: Time622 | XH8: Time623 | XI8: Time624 | XJ8: Time625 | XK8: Time626 | XL8: Time627 | XM8: Time628 | XN8: Time629 | XO8: Time630 | XP8: Time631 | XQ8: Time632 | XR8: Time633 | XS8: Time634 | XT8: Time635 | XU8: Time636 | XV8: Time637 | XW8: Time638 | XX8: Time639 | XY8: Time640 | XZ8: Time641 | YA8: Time642 | YB8: Time643 | YC8: Time644 | YD8: Time645 | YE8: Time646 | YF8: Time647 | YG8: Time648 | YH8: Time649 | YI8: Time650 | YJ8: Time651 | YK8: Time652 | YL8: Time653 | YM8: Time654 | YN8: Time655 | YO8: Time656 | YP8: Time657 | YQ8: Time658 | YR8: Time659 | YS8: Time660 | YT8: Time661 | YU8: Time662 | YV8: Time663 | YW8: Time664 | YX8: Time665 | YY8: Time666 | YZ8: Time667 | ZA8: Time668 | ZB8: Time669 | ZC8: Time670 | ZD8: Time671 | ZE8: Time672 | ZF8: Time673 | ZG8: Time674 | ZH8: Time675 | ZI8: Time676 | ZJ8: Time677 | ZK8: Time678 | ZL8: Time679 | ZM8: Time680 | ZN8: Time681 | ZO8: Time682 | ZP8: Time683 | ZQ8: Time684 | ZR8: Time685 | ZS8: Time686 | ZT8: Time687 | ZU8: Time688 | ZV8: Time689 | ZW8: Time690 | ZX8: Time691 | ZY8: Time692 | ZZ8: Time693 | AAA8: Time694 | AAB8: Time695 | AAC8: Time696 | AAD8: Time697 | AAE8: Time698 | AAF8: Time699 | AAG8: Time700 | AAH8: Time701 | AAI8: Time702 | AAJ8: Time703 | AAK8: Time704 | AAL8: Time705 | AAM8: Time706 | AAN8: Time707 | AAO8: Time708 | AAP8: Time709 | AAQ8: Time710 | AAR8: Time711 | AAS8: Time712 | AAT8: Time713 | AAU8: Time714 | AAV8: Time715 | AAW8: Time716 | AAX8: Time717 | AAY8: Time718 | AAZ8: Time719 | ABA8: Time720
B9: Select | C9: Select | H9: Select

Sheet AP_All_Scenarios_Others
H1: Yes
B2: Please enter the projected asset cashflows and market values for existing assets for any blocks of business that could not fit under AP_ALL-Scenarios.
B3: Please note the Asset ID and Sub-Portfolio Number need to be consitent with those used in the asset sheets. i.e., it should be easy to map each Asset ID in this sheet to the respective asset, and vice versa.
B4: Please only enter Accrued Interest where it is not already included in the Market Value
B5: Amounts in thousands
B6: Time0 refers to the valuation date, Time1 is the first month for monthly projections and first quarter for quarterly projections.
B8: Projection Frequency | C8: Scenario ID | D8: SBA Sub-portfolio Number | E8: Sub-Portfolio Name | F8: Asset ID: CUSIP/ISIN/Internal ID | G8: Asset ID in Asset Projections | H8: Projected Value Type | I8: Time0 | J8: Time1 | K8: Time2 | L8: Time3 | M8: Time4 | N8: Time5 | O8: Time6 | P8: Time7 | Q8: Time8 | R8: Time9 | S8: Time10 | T8: Time11 | U8: Time12 | V8: Time13 | W8: Time14 | X8: Time15 | Y8: Time16 | Z8: Time17 | AA8: Time18 | AB8: Time19 | AC8: Time20 | AD8: Time21 | AE8: Time22 | AF8: Time23 | AG8: Time24 | AH8: Time25 | AI8: Time26 | AJ8: Time27 | AK8: Time28 | AL8: Time29 | AM8: Time30 | AN8: Time31 | AO8: Time32 | AP8: Time33 | AQ8: Time34 | AR8: Time35 | AS8: Time36 | AT8: Time37 | AU8: Time38 | AV8: Time39 | AW8: Time40 | AX8: Time41 | AY8: Time42 | AZ8: Time43 | BA8: Time44 | BB8: Time45 | BC8: Time46 | BD8: Time47 | BE8: Time48 | BF8: Time49 | BG8: Time50 | BH8: Time51 | BI8: Time52 | BJ8: Time53 | BK8: Time54 | BL8: Time55 | BM8: Time56 | BN8: Time57 | BO8: Time58 | BP8: Time59 | BQ8: Time60 | BR8: Time61 | BS8: Time62 | BT8: Time63 | BU8: Time64 | BV8: Time65 | BW8: Time66 | BX8: Time67 | BY8: Time68 | BZ8: Time69 | CA8: Time70 | CB8: Time71 | CC8: Time72 | CD8: Time73 | CE8: Time74 | CF8: Time75 | CG8: Time76 | CH8: Time77 | CI8: Time78 | CJ8: Time79 | CK8: Time80 | CL8: Time81 | CM8: Time82 | CN8: Time83 | CO8: Time84 | CP8: Time85 | CQ8: Time86 | CR8: Time87 | CS8: Time88 | CT8: Time89 | CU8: Time90 | CV8: Time91 | CW8: Time92 | CX8: Time93 | CY8: Time94 | CZ8: Time95 | DA8: Time96 | DB8: Time97 | DC8: Time98 | DD8: Time99 | DE8: Time100 | DF8: Time101 | DG8: Time102 | DH8: Time103 | DI8: Time104 | DJ8: Time105 | DK8: Time106 | DL8: Time107 | DM8: Time108 | DN8: Time109 | DO8: Time110 | DP8: Time111 | DQ8: Time112 | DR8: Time113 | DS8: Time114 | DT8: Time115 | DU8: Time116 | DV8: Time117 | DW8: Time118 | DX8: Time119 | DY8: Time120 | DZ8: Time121 | EA8: Time122 | EB8: Time123 | EC8: Time124 | ED8: Time125 | EE8: Time126 | EF8: Time127 | EG8: Time128 | EH8: Time129 | EI8: Time130 | EJ8: Time131 | EK8: Time132 | EL8: Time133 | EM8: Time134 | EN8: Time135 | EO8: Time136 | EP8: Time137 | EQ8: Time138 | ER8: Time139 | ES8: Time140 | ET8: Time141 | EU8: Time142 | EV8: Time143 | EW8: Time144 | EX8: Time145 | EY8: Time146 | EZ8: Time147 | FA8: Time148 | FB8: Time149 | FC8: Time150 | FD8: Time151 | FE8: Time152 | FF8: Time153 | FG8: Time154 | FH8: Time155 | FI8: Time156 | FJ8: Time157 | FK8: Time158 | FL8: Time159 | FM8: Time160 | FN8: Time161 | FO8: Time162 | FP8: Time163 | FQ8: Time164 | FR8: Time165 | FS8: Time166 | FT8: Time167 | FU8: Time168 | FV8: Time169 | FW8: Time170 | FX8: Time171 | FY8: Time172 | FZ8: Time173 | GA8: Time174 | GB8: Time175 | GC8: Time176 | GD8: Time177 | GE8: Time178 | GF8: Time179 | GG8: Time180 | GH8: Time181 | GI8: Time182 | GJ8: Time183 | GK8: Time184 | GL8: Time185 | GM8: Time186 | GN8: Time187 | GO8: Time188 | GP8: Time189 | GQ8: Time190 | GR8: Time191 | GS8: Time192 | GT8: Time193 | GU8: Time194 | GV8: Time195 | GW8: Time196 | GX8: Time197 | GY8: Time198 | GZ8: Time199 | HA8: Time200 | HB8: Time201 | HC8: Time202 | HD8: Time203 | HE8: Time204 | HF8: Time205 | HG8: Time206 | HH8: Time207 | HI8: Time208 | HJ8: Time209 | HK8: Time210 | HL8: Time211 | HM8: Time212 | HN8: Time213 | HO8: Time214 | HP8: Time215 | HQ8: Time216 | HR8: Time217 | HS8: Time218 | HT8: Time219 | HU8: Time220 | HV8: Time221 | HW8: Time222 | HX8: Time223 | HY8: Time224 | HZ8: Time225 | IA8: Time226 | IB8: Time227 | IC8: Time228 | ID8: Time229 | IE8: Time230 | IF8: Time231 | IG8: Time232 | IH8: Time233 | II8: Time234 | IJ8: Time235 | IK8: Time236 | IL8: Time237 | IM8: Time238 | IN8: Time239 | IO8: Time240 | IP8: Time241 | IQ8: Time242 | IR8: Time243 | IS8: Time244 | IT8: Time245 | IU8: Time246 | IV8: Time247 | IW8: Time248 | IX8: Time249 | IY8: Time250 | IZ8: Time251 | JA8: Time252 | JB8: Time253 | JC8: Time254 | JD8: Time255 | JE8: Time256 | JF8: Time257 | JG8: Time258 | JH8: Time259 | JI8: Time260 | JJ8: Time261 | JK8: Time262 | JL8: Time263 | JM8: Time264 | JN8: Time265 | JO8: Time266 | JP8: Time267 | JQ8: Time268 | JR8: Time269 | JS8: Time270 | JT8: Time271 | JU8: Time272 | JV8: Time273 | JW8: Time274 | JX8: Time275 | JY8: Time276 | JZ8: Time277 | KA8: Time278 | KB8: Time279 | KC8: Time280 | KD8: Time281 | KE8: Time282 | KF8: Time283 | KG8: Time284 | KH8: Time285 | KI8: Time286 | KJ8: Time287 | KK8: Time288 | KL8: Time289 | KM8: Time290 | KN8: Time291 | KO8: Time292 | KP8: Time293 | KQ8: Time294 | KR8: Time295 | KS8: Time296 | KT8: Time297 | KU8: Time298 | KV8: Time299 | KW8: Time300 | KX8: Time301 | KY8: Time302 | KZ8: Time303 | LA8: Time304 | LB8: Time305 | LC8: Time306 | LD8: Time307 | LE8: Time308 | LF8: Time309 | LG8: Time310 | LH8: Time311 | LI8: Time312 | LJ8: Time313 | LK8: Time314 | LL8: Time315 | LM8: Time316 | LN8: Time317 | LO8: Time318 | LP8: Time319 | LQ8: Time320 | LR8: Time321 | LS8: Time322 | LT8: Time323 | LU8: Time324 | LV8: Time325 | LW8: Time326 | LX8: Time327 | LY8: Time328 | LZ8: Time329 | MA8: Time330 | MB8: Time331 | MC8: Time332 | MD8: Time333 | ME8: Time334 | MF8: Time335 | MG8: Time336 | MH8: Time337 | MI8: Time338 | MJ8: Time339 | MK8: Time340 | ML8: Time341 | MM8: Time342 | MN8: Time343 | MO8: Time344 | MP8: Time345 | MQ8: Time346 | MR8: Time347 | MS8: Time348 | MT8: Time349 | MU8: Time350 | MV8: Time351 | MW8: Time352 | MX8: Time353 | MY8: Time354 | MZ8: Time355 | NA8: Time356 | NB8: Time357 | NC8: Time358 | ND8: Time359 | NE8: Time360 | NF8: Time361 | NG8: Time362 | NH8: Time363 | NI8: Time364 | NJ8: Time365 | NK8: Time366 | NL8: Time367 | NM8: Time368 | NN8: Time369 | NO8: Time370 | NP8: Time371 | NQ8: Time372 | NR8: Time373 | NS8: Time374 | NT8: Time375 | NU8: Time376 | NV8: Time377 | NW8: Time378 | NX8: Time379 | NY8: Time380 | NZ8: Time381 | OA8: Time382 | OB8: Time383 | OC8: Time384 | OD8: Time385 | OE8: Time386 | OF8: Time387 | OG8: Time388 | OH8: Time389 | OI8: Time390 | OJ8: Time391 | OK8: Time392 | OL8: Time393 | OM8: Time394 | ON8: Time395 | OO8: Time396 | OP8: Time397 | OQ8: Time398 | OR8: Time399 | OS8: Time400 | OT8: Time401 | OU8: Time402 | OV8: Time403 | OW8: Time404 | OX8: Time405 | OY8: Time406 | OZ8: Time407 | PA8: Time408 | PB8: Time409 | PC8: Time410 | PD8: Time411 | PE8: Time412 | PF8: Time413 | PG8: Time414 | PH8: Time415 | PI8: Time416 | PJ8: Time417 | PK8: Time418 | PL8: Time419 | PM8: Time420 | PN8: Time421 | PO8: Time422 | PP8: Time423 | PQ8: Time424 | PR8: Time425 | PS8: Time426 | PT8: Time427 | PU8: Time428 | PV8: Time429 | PW8: Time430 | PX8: Time431 | PY8: Time432 | PZ8: Time433 | QA8: Time434 | QB8: Time435 | QC8: Time436 | QD8: Time437 | QE8: Time438 | QF8: Time439 | QG8: Time440 | QH8: Time441 | QI8: Time442 | QJ8: Time443 | QK8: Time444 | QL8: Time445 | QM8: Time446 | QN8: Time447 | QO8: Time448 | QP8: Time449 | QQ8: Time450 | QR8: Time451 | QS8: Time452 | QT8: Time453 | QU8: Time454 | QV8: Time455 | QW8: Time456 | QX8: Time457 | QY8: Time458 | QZ8: Time459 | RA8: Time460 | RB8: Time461 | RC8: Time462 | RD8: Time463 | RE8: Time464 | RF8: Time465 | RG8: Time466 | RH8: Time467 | RI8: Time468 | RJ8: Time469 | RK8: Time470 | RL8: Time471 | RM8: Time472 | RN8: Time473 | RO8: Time474 | RP8: Time475 | RQ8: Time476 | RR8: Time477 | RS8: Time478 | RT8: Time479 | RU8: Time480 | RV8: Time481 | RW8: Time482 | RX8: Time483 | RY8: Time484 | RZ8: Time485 | SA8: Time486 | SB8: Time487 | SC8: Time488 | SD8: Time489 | SE8: Time490 | SF8: Time491 | SG8: Time492 | SH8: Time493 | SI8: Time494 | SJ8: Time495 | SK8: Time496 | SL8: Time497 | SM8: Time498 | SN8: Time499 | SO8: Time500 | SP8: Time501 | SQ8: Time502 | SR8: Time503 | SS8: Time504 | ST8: Time505 | SU8: Time506 | SV8: Time507 | SW8: Time508 | SX8: Time509 | SY8: Time510 | SZ8: Time511 | TA8: Time512 | TB8: Time513 | TC8: Time514 | TD8: Time515 | TE8: Time516 | TF8: Time517 | TG8: Time518 | TH8: Time519 | TI8: Time520 | TJ8: Time521 | TK8: Time522 | TL8: Time523 | TM8: Time524 | TN8: Time525 | TO8: Time526 | TP8: Time527 | TQ8: Time528 | TR8: Time529 | TS8: Time530 | TT8: Time531 | TU8: Time532 | TV8: Time533 | TW8: Time534 | TX8: Time535 | TY8: Time536 | TZ8: Time537 | UA8: Time538 | UB8: Time539 | UC8: Time540 | UD8: Time541 | UE8: Time542 | UF8: Time543 | UG8: Time544 | UH8: Time545 | UI8: Time546 | UJ8: Time547 | UK8: Time548 | UL8: Time549 | UM8: Time550 | UN8: Time551 | UO8: Time552 | UP8: Time553 | UQ8: Time554 | UR8: Time555 | US8: Time556 | UT8: Time557 | UU8: Time558 | UV8: Time559 | UW8: Time560 | UX8: Time561 | UY8: Time562 | UZ8: Time563 | VA8: Time564 | VB8: Time565 | VC8: Time566 | VD8: Time567 | VE8: Time568 | VF8: Time569 | VG8: Time570 | VH8: Time571 | VI8: Time572 | VJ8: Time573 | VK8: Time574 | VL8: Time575 | VM8: Time576 | VN8: Time577 | VO8: Time578 | VP8: Time579 | VQ8: Time580 | VR8: Time581 | VS8: Time582 | VT8: Time583 | VU8: Time584 | VV8: Time585 | VW8: Time586 | VX8: Time587 | VY8: Time588 | VZ8: Time589 | WA8: Time590 | WB8: Time591 | WC8: Time592 | WD8: Time593 | WE8: Time594 | WF8: Time595 | WG8: Time596 | WH8: Time597 | WI8: Time598 | WJ8: Time599 | WK8: Time600 | WL8: Time601 | WM8: Time602 | WN8: Time603 | WO8: Time604 | WP8: Time605 | WQ8: Time606 | WR8: Time607 | WS8: Time608 | WT8: Time609 | WU8: Time610 | WV8: Time611 | WW8: Time612 | WX8: Time613 | WY8: Time614 | WZ8: Time615 | XA8: Time616 | XB8: Time617 | XC8: Time618 | XD8: Time619 | XE8: Time620 | XF8: Time621 | XG8: Time622 | XH8: Time623 | XI8: Time624 | XJ8: Time625 | XK8: Time626 | XL8: Time627 | XM8: Time628 | XN8: Time629 | XO8: Time630 | XP8: Time631 | XQ8: Time632 | XR8: Time633 | XS8: Time634 | XT8: Time635 | XU8: Time636 | XV8: Time637 | XW8: Time638 | XX8: Time639 | XY8: Time640 | XZ8: Time641 | YA8: Time642 | YB8: Time643 | YC8: Time644 | YD8: Time645 | YE8: Time646 | YF8: Time647 | YG8: Time648 | YH8: Time649 | YI8: Time650 | YJ8: Time651 | YK8: Time652 | YL8: Time653 | YM8: Time654 | YN8: Time655 | YO8: Time656 | YP8: Time657 | YQ8: Time658 | YR8: Time659 | YS8: Time660 | YT8: Time661 | YU8: Time662 | YV8: Time663 | YW8: Time664 | YX8: Time665 | YY8: Time666 | YZ8: Time667 | ZA8: Time668 | ZB8: Time669 | ZC8: Time670 | ZD8: Time671 | ZE8: Time672 | ZF8: Time673 | ZG8: Time674 | ZH8: Time675 | ZI8: Time676 | ZJ8: Time677 | ZK8: Time678 | ZL8: Time679 | ZM8: Time680 | ZN8: Time681 | ZO8: Time682 | ZP8: Time683 | ZQ8: Time684 | ZR8: Time685 | ZS8: Time686 | ZT8: Time687 | ZU8: Time688 | ZV8: Time689 | ZW8: Time690 | ZX8: Time691 | ZY8: Time692 | ZZ8: Time693 | AAA8: Time694 | AAB8: Time695 | AAC8: Time696 | AAD8: Time697 | AAE8: Time698 | AAF8: Time699 | AAG8: Time700 | AAH8: Time701 | AAI8: Time702 | AAJ8: Time703 | AAK8: Time704 | AAL8: Time705 | AAM8: Time706 | AAN8: Time707 | AAO8: Time708 | AAP8: Time709 | AAQ8: Time710 | AAR8: Time711 | AAS8: Time712 | AAT8: Time713 | AAU8: Time714 | AAV8: Time715 | AAW8: Time716 | AAX8: Time717 | AAY8: Time718 | AAZ8: Time719 | ABA8: Time720
B9: Select | C9: Select | H9: Select

Sheet Liquidity>>

Sheet LQ_Lapse_Profile
B2: Note: Applies to all companies
C5: BSCR Lapse Category | D5: Product | E5: 3 x Base lapse rate (in %) | F5: BMA Floor | G5: Current year (YE) SBA BEL (If applicable) | H5: Current year (YE) Standard Approach BEL | I5: Prior year (YE) SBA BEL (If applicable) | J5: Prior year (YE) Standard Approach BEL | K5: Account value | L5: Cash Surrender Value | M5: Required Capital without Management Actions | N5: Required Capital with Management Actions | O5: Prior Year Lapse/Surrender Payments | P5: Current Year Lapse/Surrender Payments | Q5: Time Restraint - Normal | R5: Time Restraint - Stressed
B6: US & Other Markets (incl. Japan) | C6: A.NR | D6: Guaranteed Investment Contracts (GICs) and Funding Agreements redeemable with no or insignificant penalties. | F6: 0.6
C7: A.NR | D7: All other institutional financial/investment/savings products | F7: 0.6
C9: B.NR | D9: Guaranteed Investment Contracts (GICs) and Funding Agreements redeemable with significant mitigating features. | F9: 0.3
C10: B.NR | D10: All other institutional financial/investment/savings products with significant mitigating features | F10: 0.3
C12: C.NR | D12: General Account Bank or Corporate Owned Life Insurance (BOLI/COLI) | F12: 0.2
C13: C.NR | D13: Separate Account COLI/BOLI | F13: 0.2
C14: C.NR | D14: Retirement Variable Annuity (VA) (plan-level terminations) | F14: 0.2
C15: C.NR | D15: All other institutional protection products. | F15: 0.2
C17: D.NR | D17: General Account Bank or Corporate Owned Life Insurance (BOLI/COLI) with significant mitigating features | F17: 0.1
C18: D.NR | D18: Separate Account COLI/BOLI with significant mitigating features | F18: 0.1
C19: D.NR | D19: Retirement Variable Annuity (VA) (plan-level terminations) with significant mitigating features | F19: 0.1
C20: D.NR | D20: All other institutional protection products with significant mitigating features | F20: 0.1
C22: A.R | D22: VA without guarantees or with guarantees and out of the money | F22: 0.2
... C44: E.R | D44: Retail products with no lapse risk exposure | F44: 0
B46: Europe and UK | C46: Europe & UK | D46: Non-Retail savings products | F46: 0.4
C47: Europe & UK | D47: Non-Retail protection products | F47: 0.4
C48: Europe & UK | D48: Retail savings products | F48: 0.4
C49: Europe & UK | D49: Retail protection products | F49: 0.4
C50: Europe & UK | D50: Other Products | F50: 0.7
B52: All regions and products | C52: Z.All | D52: All products in all regions | F52: N/A

Sheet LQ_Liquidity_Projections
B2: Note: Applies to all companies
D5: Prior Year Actual | E5: 30 Days | F5: 90 Days | G5: 1 Year | H5: Projected - Baseline | I5: 30 Days | J5: 90 Days | K5: 1 Year | L5: Projected - Stressed Fast Moving | M5: 30 Days | N5: 90 Days | O5: 1 Year | P5: Projected - Stressed Slow Moving | Q5: 1 Year | R5: 3 Years | S5: 5 Years | U5: Fast moving stress description | V5: Slow moving stress description
C6: Operating Inflows
C7: Premiums, Deposits & Fees (Renewal / New Business)
C8: Reinsurance Recoverables
C9: Other Flows e.g., intercompany settlements, inflow taxes
C10: Total
C11: Investing Inflows
C12: Repayments - Principal & Interest
C13: Initial and Variation Margin inflow
C14: Other Collateral inflow
C15: Asset Sales
C16: Other Flows
C17: Total
... C71: Gross Outflows

Sheet LQ_Liquidity_Sources
A1: Optional or on request | J1: Encumbered and pledged assets (general account only)
B2: X | C2: Haircuts used in registrant's own liquidity monitoring (in %) | F2: X | J2: Encumbered and pledged assets at the year-end (in mil.) | K2: 2023 | L2: 2024 | M2: 2025
B3: X | C3: Long time horizon | D3: Medium time horizon | E3: Short time horizon | F3: X | J3: All encumbered and pledged assets at the year-end (in mil.)
A4: Values in % | B4: X | C4: 1Y | D4: 3M | E4: 1W | F4: X | J4: of which: Repos
A5: Liquidity sources considered for various time horizons | B5: X | C5: Haircuts applied to asset values in % | F5: X | J5: of which: Securities Lending
A6: Total assets (general account only) | B6: X | F6: X | J6: of which: Collateral Posting (including under Derivatives/CSAs)
A7: of which: Cash and cash equivalents | B7: X | F7: X | J7: of which: Federal Home Loan Bank (FHLB) Advances
A8: of which: Sovereign, GSE, PSE, municipal and supranational securities | B8: X | F8: X | J8: of which: Secured Funding Transactions
A9: of which: Above IG (AAA-AA-A) | B9: X | F9: X | J9: of which: Others
A10: of which: Investment grade (IG) (BBB) | B10: X | F10: X | J10: Asset class composition of encumbered and pledged assets at the year-end (in mil.) | K10: 2023 | L10: 2024 | M10: 2025
A11: of which: Below IG (BB and worse) | B11: X | F11: X | J11: of which is collateral: governmental, municipal and international bonds with rating AAA, AA and A
A12: of which: Unrated | B12: X | F12: X | J12: of which is collateral: other governmental, municipal and international bonds
A13: of which: Corporate debt securities | B13: X | F13: X | J13: of which is collateral: corporate bonds with rating AAA, AA and A
A14: of which: Above IG (AAA-AA-A) | B14: X | F14: X | J14: of which is collateral: corporate bonds with rating BBB
A15: of which: Affiliate, related or connected counterparties | B15: X | F15: X | J15: of which is collateral: corporate bonds with rating below BBB
A16: of which: Investment grade (IG) (BBB) | B16: X | F16: X | J16: of which: Others
A17: of which: Affiliate, related or connected counterparties | B17: X | F17: X | J17: Capacity of assets that can be encumbered or pledged at the year-end (in mil.) | K17: 2023 | L17: 2024 | M17: 2025
A18: of which: Below IG (BB and worse) | B18: X | F18: X | J18: of which is collateral: governmental, municipal and international bonds with rating AAA, AA and A
A19: of which: Affiliate, related or connected counterparties | B19: X | F19: X | J19: of which is collateral: other governmental, municipal and international bonds
A20: of which: Unrated | B20: X | F20: X | J20: of which is collateral: corporate bonds with rating AAA, AA and A
A21: of which: Affiliate, related or connected counterparties | B21: X | F21: X | J21: of which is collateral: corporate bonds with rating BBB
A22: of which: Securitisations | B22: X | F22: X | J22: of which is collateral: corporate bonds with rating below BBB
A23: of which: Above IG (AAA-AA-A) | B23: X | F23: X | J23: of which: Others
A24: of which: Affiliate, related or connected counterparties | B24: X | F24: X | J24: Maturity profile of encumbered and pledged assets at the year-end (in mil.) | K24: 2023 | L24: 2024 | M24: 2025
A25: of which: Investment grade (IG) (BBB) | B25: X | F25: X | J25: of which are positions with maturity: overnight (O/N)
A26: of which: Affiliate, related or connected counterparties | B26: X | F26: X | J26: of which are positions with maturity: 1 week and less (exc. O/N)
A27: of which: Below IG (BB and worse) | B27: X | F27: X | J27: of which are positions with maturity: more than 1 week and max. 1 month
A28: of which: Affiliate, related or connected counterparties | B28: X | F28: X | J28: of which are positions with maturity: other including open
A29: of which: Unrated | B29: X | F29: X | J29: of which: Others
A30: of which: Affiliate, related or connected counterparties | B30: X | F30: X | J30: Haircut rates and yields (in %) | K30: 2023 | L30: 2024 | M30: 2025
A31: of which: Equity securities | B31: X | F31: X | J31: Weighted average haircut rate in the reporting period in % (i.e. cash received / collateral posted)
A32: of which: Publicly traded in a liquid market | B32: X | F32: X | J32: Weighted average annualized yield (e.g. repo rate) in the reporting period in %
A33: of which: Affiliate, related or connected counterparties | B33: X | F33: X
A34: of which: Others | B34: X | F34: X
A35: of which: Affiliate, related or connected counterparties | B35: X | F35: X
A36: of which: Investment funds | B36: X | F36: X
A37: of which: Affiliate, related or connected counterparties | B37: X | F37: X
A38: of which: Certificates of deposit | B38: X | F38: X
A39: of which: Affiliate, related or connected counterparties | B39: X | F39: X
A40: of which: Residential mortgages | B40: X | F40: X
A41: of which: Affiliate, related or connected counterparties | B41: X | F41: X
A42: of which: Above IG (AAA-AA-A), including internal ratings | B42: X | F42: X
A43: of which: Investment grade (IG) (BBB) | B43: X | F43: X
A44: of which: Below IG (BB and worse) | B44: X | F44: X
... A74: of which: Revolving credit facilities | B74: X | F74: X
A75: Own liquidity metrics used by the Registrants (values in reported units or in %) | B75: X | C75: 1Y | D75: 3M | E75: 1W | F75: X
A76: (1) All liquidity sources as used by the Registrant in its own liquidity measurement and monitoring (per different time horizons/columns) | B76: X | F76: X
A77: (2) All liquidity sources as used by the Registrant (affiliate, related or connected counterparties) => (2) <= (1) | B77: X | F77: X
A78: (3) All liquidity needs as used by the Registrant in its own liquidity measurement and monitoring (per different time horizons/columns) | B78: X | F78: X
A79: (4) Own metrics - in % => (1) / (3) | B79: X | F79: X
A80: (5) Own metrics - Excess liquidity in LLSBA reported currency and units => (1) - (3) | B80: X | F80: X
A81: (6) Own metrics - in % - Red limit (if any) used for own internal liquidity monitoring | B81: X | F81: X
A82: (7) Own metrics - in % - Orange/amber/warning limit (if any) used for own internal liquidity monitoring | B82: X | F82: X
A83: (8) Own metrics - PML level as internally targeted for liquidity sources (as reported in (1) and their haircuts that are reported in the table above (e.g. PML 1:20 or 1:200) | B83: X | F83: X
A84: (9) Own metrics - in % (excluding assets related to affiliate, related and connected counterparties) => (2) / (3) | B84: X | F84: X

Sheet Lists>>

Sheet NameList_New
A1: SBA Sub-portfolio Number | B1: BMA Asset Classification | C1: Currency | D1: Country of Risk | E1: Issuance Type (Public or Private) | F1: Ownership Vehicle | G1: Asset Type - All | H1: Asset Type - Bonds_loans | I1: Publicly Issued Rating - S&P | J1: Publicly Issued Rating - Moody's | K1: Publicly Issued Rating - AM Best | L1: Publicly Issued Rating - Fitch | M1: Publicly Issued Rating - DBRS | N1: Publicly Issued Rating - KBRA | O1: Publicly Issued Rating - Egan Jones | P1: Publicly Issued Rating - Name of the Other Approved Rating Agency | Q1: Privately Issued Rating - Name of the Other Approved Rating Agency | R1: BSCR Rating Mapping | S1: "US GAAP/IFRS Valuation Hierarchy Level " | T1: Coupon Type | U1: Number of Coupon Payments Per Year | V1: Floating Reference Index | W1: Risk-free Curve Used for Spread Determination | X1: Redemption Type | Y1: Optionality Type 1 | Z1: Optionality Type 2 | AA1: Optionality Type 3 | AB1: Stage | AC1: Amortisation Frequency | AD1: State, if Country is USA | AE1: Is Valuer Internal/Affiliated or Third-Party? | AF1: Commercial Property Type | AG1: Lien - First or Second | AH1: Type of Borrowing | AI1: Class of Building | AJ1: Delinquency Status | AK1: Residential Property Type | AL1: Number of Interest Payments Per Year | AM1: Documentation | AN1: Real Assets - Sector | AO1: Real Assets - Class of Building (where applicable) | AP1: Real Assets - Income Frequency Per Year | AQ1: Funds and other assets - Number of Income Payments Per Year | AR1: Security Delinquency Status | AS1: Affiliated, Connected or Related Issuer | AT1: Optionality (including PIK) | AU1: PIK option exercised | AV1: Multiple tranches of the same issue held | AW1: Vertical slice retention | AX1: Option to capitalise or defer interest | AY1: Construction loan | AZ1: Prepayment Option | BA1: Connected to other loans | BB1: Real Assets - Debt associated with the asset | BC1: Generates contractual income | BD1: Projection Frequency | BE1: Projection Value Type | BF1: Asset Type - Structured_assets | BG1: Asset Type - Other_assets | BH1: Projection Value Type | BI1: Asset is encumbered | BJ1: Encumbrance type | BK1: Asset Type - CML | BL1: Asset Type - RML | BM1: NAIC rating - CML | BN1: CSA Type | BO1: Internal Securitisation | BP1: Projection Frequency | BQ1: Scenario IDs | BR1: Sellable | BS1: Disinvestment rule | BT1: Derivatives_Purpose | BU1: Derivatives_Clearing | BV1: Derivatives_Type | BW1: Derivative Asset Class | BX1: Opton / Swap Pay Receive | BY1: Swap Type | BZ1: Pay_Receive | CA1: ISDA | CB1: Party | CC1: Fees Type | CD1: Industry Group (BICS)
A2: Select | B2: Select | C2: Select | D2: Select | E2: Select | F2: Select | G2: Select | H2: Select | I2: Select | J2: Select | K2: Select | L2: Select | M2: Select | N2: Select | O2: Select | P2: Select | Q2: Select | R2: Select | S2: Select | T2: Select | U2: Select | V2: Select | W2: Select | X2: Select | Y2: Select | Z2: Select | AA2: Select | AB2: Select | AC2: Select | AD2: Select | AE2: Select | AF2: Select | AG2: Select | AH2: Select | AJ2: Select | AK2: Select | AL2: Select | AM2: Select | AN2: Select | AO2: Select | AP2: Select | AQ2: Select | AR2: Select | AS2: Select | AT2: Select | AU2: Select | AV2: Select | AW2: Select | AX2: Select | AY2: Select | AZ2: Select | BA2: Select | BB2: Select | BC2: Select | BE2: Select | BF2: Select | BG2: Select | BH2: Select | BI2: Select | BJ2: Select | BK2: Select | BL2: Select | BM2: Select | BN2: Select | BO2: Select | BP2: Select | BQ2: Select | BR2: Select | BS2: Select | BT2: Select | BU2: Select | BV2: Select | BW2: Select | BX2: Select | BY2: Select | BZ2: Select | CA2: Select | CB2: Select | CC2: Select | CD2: Select
A3: N/A - Standard Approach | B3: 28(13) - Generally Acceptable Assets | C3: BMD | D3: United States of America | E3: Public or 144a | F3: Directly held | G3: Cash | H3: Cash | I3: AAA | J3: Aaa | K3: aaa | L3: AAA | M3: AAA | N3: AAA | O3: AAA | P3: DBRS | Q3: S&P | R3: 0 | S3: 1 | T3: Fixed | U3: 1 | V3: =SBA_Curves!D$12 -> Discount Factors Implied by Reference Rate Curves for Other Instruments 1 | W3: =SBA_Curves!D$12 -> Discount Factors Implied by Reference Rate Curves for Other Instruments 1 | X3: 100% redemption at maturity | Y3: PIK - mandatory | Z3: PIK - mandatory | AA3: PIK - mandatory | AB3: Reinvesting | AC3: 1 | AD3: Alabama | AE3: Internal | AF3: Commercial - Office | AG3: First | AH3: Cashout | AJ3: Current | AK3: Residential - Single Family home | AL3: 1 | AM3: Full | AN3: Commercial - Office | AO3: A | AP3: 1 | AQ3: 1 | AR3: Defaulted | AS3: Affiliated, Connected or Related | AT3: Yes | AU3: Yes | AV3: Yes | AW3: Yes | AX3: Yes | AY3: Raw land | AZ3: Yes | BA3: Yes | BB3: Yes | BC3: Yes | BE3: Coupon | BF3: RMBS - Agency | BG3: Direct Real Estate - Residential | BH3: Coupon | BI3: Yes | BJ3: Repo | BK3: Commercial and Farm Mortgages | BL3: Residential Mortgages | BM3: CM1 | BN3: Cash | BO3: Yes | BP3: Monthly | BQ3: Base | BR3: Sellable | BS3: P | BT3: Hedging | BU3: Exchange Traded | BV3: Repo | BW3: Interest Rate | BX3: Receiver | BY3: Float to Float | BZ3: Pay | CA3: Y | CB3: Affiliated | CC3: Investment management | CD3: Advertising & Marketing
A4: N/A - Surplus | B4: 28(14) - Acceptable with Approval | C4: USD | D4: Bermuda | E4: Private | F4: Held via Fund | G4: Short-Term Treasury Bills | H4: Short-Term Treasury Bills | I4: AA+ | J4: Aa1 | K4: aa+ | L4: AA+ | M4: AA high | N4: AA+ | O4: AA+ | P4: KBRA | Q4: Moody's | R4: 1 | S4: 2 | T4: Floating | U4: 2 | V4: =SBA_Curves!E$12 -> Discount Factors Implied by Reference Rate Curves for Other Instruments 2 | W4: =SBA_Curves!E$12 -> Discount Factors Implied by Reference Rate Curves for Other Instruments 2 | X4: No redemption (assets held in perpetuity) | Y4: PIK - toggle | Z4: PIK - toggle | AA4: PIK - toggle | AB4: Amortising | AC4: 2 | AD4: Alaska | AE4: Affiliated | AF4: Commercial - Retail | AG4: Second | AH4: Refinancing with cash out | AJ4: 30 Days | AK4: Residential - Over 4 units | AL4: 2 | AM4: Partial | AN4: Commercial - Retail | AO4: B | AP4: 2 | AQ4: 2 | AR4: Restructured | AS4: None | AT4: No | AU4: No | AV4: No | AW4: No | AX4: No | AY4: Land under development - owner own use | AZ4: No | BA4: No | BB4: No | BC4: No | BE4: Scheduled Redemption | BF4: RMBS - Non Agency | BG4: Direct Real Estate - Commercial | BH4: Scheduled Redemption | BI4: No | BJ4: Securities Lending | BK4: Other Commercial Real Estate Loans | BL4: Other Residential Loans | BM4: CM2 | BN4: Government Bonds | BO4: No | BP4: Quarterly | BQ4: Scenario 1 | BR4: Unsellable | BS4: O | BT4: ALM / cashflow matching | BU4: Centrally Cleared | BV4: Reverse Repo | BW4: Inflation | BX4: Payer | BY4: Fix to Float | BZ4: Receive | CA4: N | CB4: Connected | CC4: Custodian | CD4: Aerospace & Defense
A5: 1 | B5: 28(15) - Acceptable on a Limited Basis | C5: EUR | D5: United Kingdom of Great Britain and Northern Ireland | F5: Held via Trust | G5: Certificates of Deposit | H5: Certificates of Deposit | I5: AA | J5: Aa2 | K5: aa | L5: AA | M5: AA | N5: AA | O5: AA | P5: Egan Jones | Q5: AM Best | R5: 2 | S5: 3 | T5: Other | U5: 4 | V5: =SBA_Curves!F$12 -> Discount Factors Implied by Reference Rate Curves for Other Instruments 3 | W5: =SBA_Curves!F$12 -> Discount Factors Implied by Reference Rate Curves for Other Instruments 3 | X5: Regular partial redemption over time, fully redeemed by maturity | Y5: PIK - hybrid | Z5: PIK - hybrid | AA5: PIK - hybrid | AB5: Other | AC5: 3 | AD5: Arizona | AE5: Third-Party | AF5: Commercial - Industrial | AG5: Other | AH5: Purchase | AJ5: 60 Days | AK5: Residential - Condominium | AL5: 3 | AM5: Other | AN5: Commercial - Industrial | AO5: C | AP5: 3 | AQ5: 3 | AR5: Troubled/challenged | AT5: Unknown | AU5: Unknown | AV5: Unknown | AW5: Unknown | AX5: Unknown | AY5: Land under development - commercial | AZ5: Unknown | BA5: Unknown | BB5: Unknown | BC5: Unknown | BE5: Investment Management Expenses | BF5: CMBS - Agency | BG5: Direct Real Estate - Industrial | BH5: Investment Management Expenses | BI5: Unknown | BJ5: Collateral Posting (including under Derivatives/CSAs) | BM5: CM3 | BN5: Corporate Bonds | BO5: Unknown | BQ5: Scenario 2 | BS5: X | BT5: Return enhancement | BU5: OTC via Counterparty | BV5: Bond Futures | BW5: Equity | BX5: Call | BY5: Float to Fix | CB5: Related | CC5: Administration | CD5: Airlines
A6: 2 | B6: 28(17) - Long-Term Investment Credit Assets | C6: JPY | D6: Canada | F6: Other | G6: Short-Term Commercial Paper | H6: Short-Term Commercial Paper | I6: AA- | J6: Aa3 | K6: aa- | L6: AA- | M6: AA low | N6: AA- | O6: AA- | P6: Japan CRA | Q6: Fitch | R6: 3 | U6: 6 | V6: =SBA_Curves!G$12 -> Discount Factors Implied by Reference Rate Curves for Other Instruments 4 | W6: =SBA_Curves!G$12 -> Discount Factors Implied by Reference Rate Curves for Other Instruments 4 | X6: Other | Y6: PIK - other | Z6: PIK - other | AA6: PIK - other | AC6: 4 | AD6: Arkansas | AF6: Commercial - Hospitality | AH6: Assignment | AJ6: 90+ Days | AK6: Residential - Townhouse | AL6: 4 | AN6: Commercial - Hospitality | AO6: Other | AP6: 4 | AQ6: 4 | AR6: None | AY6: Other | BE6: Market Value | BF6: CMBS - Non Agency | BG6: Direct Real Estate - Land | BH6: Market Value | BJ6: FHLB Advances | BM6: CM4 | BN6: Combination | BQ6: Scenario 3 | BS6: 0 | BT6: Efficient portfolio management | BV6: Bond Forward | BW6: FX | BX6: Put | BY6: Fix to Fix | CB6: Third-Party | CC6: Investment Advisory | CD6: Apparel & Textile Products
A7: 3 | B7: Surplus Assets | C7: GBP | D7: Afghanistan | G7: Money Market Funds | H7: Money Market Funds | I7: A+ | J7: A1 | K7: a+ | L7: A+ | M7: A high | N7: A+ | O7: A+ | Q7: DBRS | R7: 4 | U7: 12 | V7: =SBA_Curves!H$12 -> Discount Factors Implied by Reference Rate Curves for Other Instruments 5 | W7: =SBA_Curves!H$12 -> Discount Factors Implied by Reference Rate Curves for Other Instruments 5 | Y7: Call | Z7: Call | AA7: Call | AC7: 12 | AD7: California | AF7: Commercial - Healthcare | AH7: Refinancing no cash out | AJ7: Reorganized | AK7: Residential - Land | AL7: 12 | AN7: Commercial - Healthcare | AP7: 12 | AQ7: 12 | BE7: Accrued Interest | BF7: CLO - Broadly syndicated | BG7: Direct Real Estate - Other | BH7: Accrued Interest | BJ7: Secured Funding Transactions | BM7: CM5 | BN7: Other | BQ7: Scenario 4 | BS7: 1 | BT7: Trading/arbitrage | BV7: Equity Futures | BW7: Credit | CB7: Other | CC7: Business Advisory | CD7: Auto Parts Manufacturing
A8: 4 | B8: Backing Standard Approach BEL | C8: AUD | D8: Aland Islands | G8: Other Cash Equivalents | H8: Other Cash Equivalents | I8: A | J8: A2 | K8: a | L8: A | M8: A | N8: A | O8: A | Q8: KBRA | R8: 5 | U8: Other | V8: =SBA_Curves!I$12 -> Discount Factors Implied by Reference Rate Curves for Other Instruments 6 | W8: =SBA_Curves!I$12 -> Discount Factors Implied by Reference Rate Curves for Other Instruments 6 | Y8: Put | Z8: Put | AA8: Put | AC8: Other | AD8: Colorado | AF8: Commercial - Education | AH8: Other | AJ8: Foreclosed | AK8: Residential - Cooperative | AL8: Other | AN8: Commercial - Education | AP8: Other | AQ8: Other | BE8: Unscheduled Redemption | BF8: CLO - Middle market | BG8: Real Estate Funds - Residential | BH8: Management Action | BJ8: Other | BM8: CM6 | BQ8: Scenario 5 | BS8: =BS7+1 -> 2 | BT8: Capital efficiency | BV8: Equity Forward | BW8: Commodity | CC8: Other Fees | CD8: Automobiles Manufacturing
A9: 5 | C9: CAD | D9: Albania | G9: Sovereign Bonds | H9: Sovereign Bonds | I9: A- | J9: A3 | K9: a- | L9: A- | M9: A low | N9: A- | O9: A- | Q9: Egan Jones | R9: 6 | V9: =SBA_Curves!J$12 -> Discount Factors Implied by Reference Rate Curves for Other Instruments 7 | W9: =SBA_Curves!J$12 -> Discount Factors Implied by Reference Rate Curves for Other Instruments 7 | Y9: Convertible | Z9: Convertible | AA9: Convertible | AD9: Connecticut | AF9: Commercial - Specialty | AJ9: In process of Foreclosure | AK9: Residential - Single Borrower Multiple Properties | AN9: Commercial - Specialty | BE9: Default and Downgrade Costs | BF9: CDO | BG9: Real Estate Funds - Commercial | BH9: Liability Outflow | BM9: CM7 | BQ9: Scenario 6 | BS9: =BS8+1 -> 3 | BT9: Regulatory/accounting considerations | BV9: CDS | BW9: Crypto | CD9: Banks
A10: 6 | C10: CHF | D10: Algeria | G10: Federal / Central Government Agencies | H10: Federal / Central Government Agencies | I10: BBB+ | J10: Baa1 | K10: bbb+ | L10: BBB+ | M10: BBB high | N10: BBB+ | O10: BBB+ | Q10: Japan CRA | R10: 7 | V10: =SBA_Curves!K$12 -> Discount Factors Implied by Reference Rate Curves for Other Instruments 8 | W10: =SBA_Curves!K$12 -> Discount Factors Implied by Reference Rate Curves for Other Instruments 8 | Y10: Contingent Convertible | Z10: Contingent Convertible | AA10: Contingent Convertible | AD10: Delaware | AF10: Commercial - Other | AK10: Residential - Other | AN10: Commercial - Other | BE10: Par Value | BF10: ABS - Auto loans | BG10: Real Estate Funds - Industrial | BH10: Policy Inflow | BM10: Other | BQ10: Scenario 7 | BS10: =BS9+1 -> 4 | BV10: FX Forward | BW10: Other | CD10: Biotechnology
A11: 7 | C11: CNY | D11: American Samoa | G11: Local Governments and Regional Authorities | H11: Local Governments and Regional Authorities | I11: BBB | J11: Baa2 | K11: bbb | L11: BBB | M11: BBB | N11: BBB | O11: BBB | Q11: NAIC | R11: 8 | V11: =SBA_Curves!L$12 -> Discount Factors Implied by Reference Rate Curves for Other Instruments 9 | W11: =SBA_Curves!L$12 -> Discount Factors Implied by Reference Rate Curves for Other Instruments 9 | Y11: Make-whole | Z11: Make-whole | AA11: Make-whole | AD11: Florida | AK11: Mixed-Use | AN11: Residential - MultiFamily | BF11: ABS - Student loans | BG11: Real Estate Funds - Land | BH11: Default and Downgrade Costs | BM11: N/A | BQ11: Scenario 8 | BS11: =BS10+1 -> 5 | BV11: Interest Rate Swap | CD11: Cable & Satellite
A12: 8 | C12: HKD | D12: Andorra | G12: Supranationals | H12: Supranationals | I12: BBB- | J12: Baa3 | K12: bbb- | L12: BBB- | M12: BBB low | N12: BBB- | O12: BBB- | Q12: Other | R12: Unrated | V12: =SBA_Curves!M$12 -> Discount Factors Implied by Reference Rate Curves for Other Instruments 10 | W12: =SBA_Curves!M$12 -> Discount Factors Implied by Reference Rate Curves for Other Instruments 10 | Y12: Other | Z12: Other | AA12: Other | AD12: Georgia | AN12: Residential - Single Family home | BF12: ABS - Credit cards | BG12: Infrastructure Equity Investments | BH12: Unscheduled Redemption | BS12: =BS11+1 -> 6 | BV12: Inflation Swap | CD12: Casinos & Gaming
A13: 9 | C13: SEK | D13: Angola | G13: Corporate Bonds - Non Financial | H13: Corporate Bonds - Non Financial | I13: BB+ | J13: Ba1 | K13: bb+ | L13: BB+ | M13: BB high | N13: BB+ | O13: BB+ | AD13: Hawaii | AN13: Residential - Condominium | BF13: ABS - HELOC | BG13: Infrastructure Funds | BH13: Par Value | BS13: =BS12+1 -> 7 | BV13: Xccy Swap | CD13: Central Bank
A14: 10 | C14: NZD | D14: Anguilla | G14: Corporate Bonds - Financial | H14: Corporate Bonds - Financial | I14: BB | J14: Ba2 | K14: bb | L14: BB | M14: BB | N14: BB | O14: BB | AD14: Idaho | AN14: Residential - Townhouse | BF14: ABS - Aircraft | BG14: Mortgage Loan Fund - Commercial | BS14: =BS13+1 -> 8 | BV14: Equity Option | CD14: Chemicals
A15: 11 | C15: Other | D15: Antigua and Barbuda | G15: Covered Bonds | H15: Covered Bonds | I15: BB- | J15: Ba3 | K15: bb- | L15: BB- | M15: BB low | N15: BB- | O15: BB- | AD15: Illinois | AN15: Residential - Land | BF15: ABS - Trade receivables | BG15: Mortgage Loan Fund - Residential | BS15: =BS14+1 -> 9 | BV15: Swaption | CD15: Commercial Finance
A16: 12 | D16: Argentina | G16: Other - Secured Bonds | H16: Other - Secured Bonds | I16: B+ | J16: B1 | K16: b+ | L16: B+ | M16: B high | N16: B+ | O16: B+ | AD16: Indiana | AN16: Residential - Cooperative | BF16: ABS - Real estate leases | BG16: Equity Release / Reserve Mortgages | BS16: =BS15+1 -> 10 | BV16: Interest Rate Cap | CD16: Communications Equipmen
A17: 13 | D17: Armenia | G17: Other - Unsecured Bonds | H17: Other - Unsecured Bonds | I17: B | J17: B2 | K17: b | L17: B | M17: B | N17: B | O17: B | AD17: Iowa | AN17: Residential - Single Borrower Multiple Properties | BF17: ABS - Equipment leases | BG17: Hedge Funds | BS17: =BS16+1 -> 11 | BV17: Interest Rate Floor | CD17: Construction Materials Manufacturing
A18: 15 | D18: Aruba | G18: Other - Short-Term Debt | H18: Other - Short-Term Debt | I18: B- | J18: B3 | K18: b- | L18: B- | M18: B low | N18: B- | O18: B- | AD18: Kansas | AN18: Residential - Other | BF18: ABS - Royalties | BG18: Commodities - Direct | BS18: =BS17+1 -> 12 | BV18: Other Derivative | CD18: Consumer Finance
A19: 14 | D19: Australia | G19: Loans - NAV and other fund finance | H19: Loans - NAV and other fund finance | I19: CCC+ | J19: Caa1 | K19: ccc+ | L19: CCC+ | M19: CCC high | N19: CCC+ | O19: CCC+ | AD19: Kentucky | AN19: Mixed-Use | BF19: ABS - Energy | BG19: Commodities - ETF | BS19: =BS18+1 -> 13 | CD19: Consumer Products
A20: 17 | D20: Austria | G20: Loans – Middle Market | H20: Loans – Middle Market | I20: CCC | J20: Caa2 | K20: ccc | L20: CCC | M20: CCC | N20: CCC | O20: CCC | AD20: Louisiana | BF20: ABS - Other | BG20: Commodities - Mutual Funds | BS20: =BS19+1 -> 14 | CD20: Consumer Services
A21: 18 | D21: Azerbaijan | G21: Loans – Large Cap | H21: Loans – Large Cap | I21: CCC- | J21: Caa3 | K21: ccc- | L21: CCC- | M21: CCC low | N21: CCC- | O21: CCC- | AD21: Maine | BF21: Rated Feeder | BG21: Catastrophe Bonds | BS21: =BS20+1 -> 15 | CD21: Containers & Packaging
A22: 19 | D22: Bahamas | G22: Collateral Loans | H22: Collateral Loans | I22: CC | J22: Ca | K22: cc | L22: CC | M22: CC | N22: CC | O22: CC | AD22: Maryland | BF22: CFO Note | BG22: Other Insurance Linked Securities | BS22: =BS21+1 -> 16 | CD22: Design, Manufacturing & Distribution
A23: 20 | D23: Bahrain | G23: Policy Loans | H23: Policy Loans | I23: C | J23: C | K23: c | L23: C | M23: C | N23: C | O23: C | AD23: Massachusetts | BF23: Other Structured Securities | BG23: Private Credit Fund | BS23: =BS22+1 -> 17 | CD23: Distributors - Consumer Discretionary
A24: 21 | D24: Bangladesh | G24: Other Direct Loans | H24: Other Direct Loans | I24: Default | J24: N/A | K24: N/A | L24: Restricted Default | M24: D | N24: D | O24: D | AD24: Michigan | BG24: Advances to Affiliates | BS24: =BS23+1 -> 18 | CD24: Diversified Banks
A25: 22 | D25: Barbados | G25: RMBS - Agency | I25: N/A | L25: Default | M25: N/A | N25: N/A | O25: N/A | AD25: Minnesota | BG25: Investments in Affiliates | BS25: =BS24+1 -> 19 | CD25: Educational Services
A26: 23 | D26: Belarus | G26: RMBS - Non Agency | L26: N/A | AD26: Mississippi | BG26: Other Investments | BS26: =BS25+1 -> 20 | CD26: Electrical Equipment Manufacturing
A27: 24 | D27: Belgium | G27: CMBS - Agency | AD27: Missouri | BG27: Investment Income Due and Accrued | BS27: =BS26+1 -> 21 | CD27: Entertainment Content
A28: 25 | D28: Belize | G28: CMBS - Non Agency | AD28: Montana | BG28: Accounts and Premiums Receivable | BS28: =BS27+1 -> 22 | CD28: Exploration & Production
A29: 26 | D29: Benin | G29: CLO - Broadly syndicated | AD29: Nebraska | BG29: SAC - Long Term Business - Variable Annuities | BS29: =BS28+1 -> 23 | CD29: Financial Services
A30: 27 | D30: Bhutan | G30: CLO - Middle market | AD30: Nevada | BG30: SAC - Long Term Business - Others | BS30: =BS29+1 -> 24 | CD30: Food & Beverage
A31: 28 | D31: Bolivia Plurinational State of | G31: CDO | AD31: New Hampshire | BG31: SAC - General Business | BS31: =BS30+1 -> 25 | CD31: Forest & Paper Products Manufacturing
A32: 29 | D32: Bonaire, Sint Eustatius and Saba | G32: ABS - Auto loans | AD32: New Jersey | BG32: Deposit Assets | BS32: =BS31+1 -> 26 | CD32: Government Agencies
A33: 30 | D33: Bosnia and Herzegovina | G33: ABS - Student loans | AD33: New Mexico | BG33: Other Sundry Assets | BS33: =BS32+1 -> 27 | CD33: Government Development Banks
A34: 31 | D34: Botswana | G34: ABS - Credit cards | AD34: New York | BG34: Letters of Credit, Guarantees and Other Instruments | BS34: =BS33+1 -> 28 | CD34: Government Regional
A35: 32 | D35: Brazil | G35: ABS - HELOC | AD35: North Carolina | BG35: Other - Alternatives | BS35: =BS34+1 -> 29 | CD35: Hardware
A36: 33 | D36: British Virgin Islands | G36: ABS - Aircraft | AD36: North Dakota | BG36: Listed Equity - Direct | BS36: =BS35+1 -> 30 | CD36: Health Care Facilities & Services
A37: 34 | D37: Brunei Darussalam | G37: ABS - Trade receivables | AD37: Ohio | BG37: Listed Equity - ETF | BS37: =BS36+1 -> 31 | CD37: Home & Office Products Manufacturing
A38: 35 | D38: Bulgaria | G38: ABS - Real estate leases | AD38: Oklahoma | BG38: Listed Equity - Strategic Holding | BS38: =BS37+1 -> 32 | CD38: Home Improvement
... A52: 49 | D52: Comoros | G52: Real Estate Funds - Commercial | AD52: Wyoming | BG52: Other Loan Fund | BS52: =BS51+1 -> 46 | CD52: Pharmaceuticals
A53: 50 | D53: Congo | G53: Real Estate Funds - Industrial | BG53: Other Direct Private Lending | BS53: =BS52+1 -> 47 | CD53: Pipeline
D54: Cook Islands | G54: Real Estate Funds - Land | BG54: Listed Preferred Equity - Direct | BS54: =BS53+1 -> 48 | CD54: Power Generation
D55: Costa Rica | G55: Infrastructure Equity Investments | BG55: Listed Preferred Equity - ETF | BS55: =BS54+1 -> 49 | CD55: Property & Casualty Insurance
D56: Cote d Ivoire | G56: Infrastructure Funds | BG56: Listed Preferred Equity - Mutual Fund | BS56: =BS55+1 -> 50 | CD56: Railroad
D57: Croatia | G57: Mortgage Loan Fund - Commercial | BG57: Private Preferred Equity - Direct | CD57: Real Estate
D58: Cuba | G58: Mortgage Loan Fund - Residential | BG58: Private Preferred Equity - Mutual Fund | CD58: Refining & Marketing
D59: Curacao | G59: Equity Release / Reserve Mortgages | BG59: Other - Listed Preferred Equity | CD59: Restaurants
D60: Cyprus | G60: Hedge Funds | BG60: Other - Private Preferred Equity | CD60: Retail - Consumer Discretionary
D61: Czech Republic | G61: Commodities - Direct | CD61: Retail - Consumer Staples
D62: Democratic Peoples Republic of Korea North Korea | G62: Commodities - ETF | CD62: Semiconductors
D63: Democratic Republic of the Congo | G63: Commodities - Mutual Funds | CD63: Software & Services
D64: Denmark | G64: Catastrophe Bonds | CD64: Sovereigns
D65: Djibouti | G65: Other Insurance Linked Securities | CD65: Supermarkets & Pharmacies
D66: Dominica | G66: Private Credit Fund | CD66: Supranationals
D67: Dominican Republic | G67: Advances to Affiliates | CD67: Tobacco
D68: Ecuador | G68: Investments in Affiliates | CD68: Transportation & Logistics
D69: Egypt | G69: Other Investments | CD69: Travel & Lodging
D70: El Salvador | G70: Investment Income Due and Accrued | CD70: Unclassified
D71: Equatorial Guinea | G71: Accounts and Premiums Receivable | CD71: Utilities
D72: Eritrea | G72: SAC - Long Term Business - Variable Annuities | CD72: Waste & Environment Services & Equipment
... D74: Eswatini Kingdom of Swaziland | G74: SAC - General Business | CD74: Wireline Telecommunications Services
D75: Ethiopia | G75: Deposit Assets
D76: Falkland Islands | G76: Other Sundry Assets
D77: Faroe Islands | G77: Letters of Credit, Guarantees and Other Instruments
D78: Fiji | G78: Other - Alternatives
D79: Finland | G79: Listed Equity - Direct
D80: France | G80: Listed Equity - ETF
D81: French Guiana | G81: Listed Equity - Strategic Holding
D82: French Polynesia | G82: Listed Equity - Mutual Fund
D83: Gabon | G83: Private Equity - Strategic Holding
D84: Gambia Republic of The | G84: Private Equity - Direct
D85: Georgia | G85: Private Equity - Mutual Fund
D86: Germany | G86: Other - Listed Equity
... D107: Iraq | G107: Other Residential Loans
D108: Ireland
D109: Isle of Man
D110: Israel
D111: Italy
D112: Jamaica
D113: Japan
D114: Jersey
D115: Jordan
D116: Kazakhstan
D117: Kenya
D118: Kiribati
D119: Kuwait
... D243: Zimbabwe
